Workbook

Sheet Cover Sheet
D2: NEW YORK FED ECONOMIC RESEARCH
D4: https://www.newyorkfed.org/research
D6: Liberty Street Economics
D8: How Fast Do Tariffs Pass Through into Consumer Prices?
D10: By Mary Amiti, Sebastian Heise, and David E. Weinstein
D13: Suggested citation:
D14: Mary Amiti, Sebastian Heise, and David E. Weinstein, “How Fast Do Tariffs Pass Through into Consumer Prices?,” Federal Reserve Bank of New York Liberty Street Economics, October 6, 2026, https://doi.org/10.59576/lse.20261006
D15: Source: U.S. Bureau of Labor Statistics; U.S. Census Bureau, Foreign Trade Statistics; U.S. International Trade Commission (USITC); U.S. Bureau of Economic Analysis; authors’ calculations.
D17: For any questions, please contact New York Fed Research Publications.
D18: Please refer to our Terms of Use.

Sheet Chart 1 counterfactual
D2: NEW YORK FED ECONOMIC RESEARCH
D4: https://www.newyorkfed.org/research
A6: Month | B6: Actual: 12-month change in consumer goods prices (percent) | C6: Counterfactual without tariffs (percent) | D6: Contribution of tariffs (percentage points)
A7: Jan 2022 | B7: 6.8514962 | C7: 6.8514962 | D7: 0
A8: Feb 2022 | B8: 7.6911678 | C8: 7.6911678 | D8: 0
A9: Mar 2022 | B9: 8.4240446 | C9: 8.4240446 | D9: 0
A10: Apr 2022 | B10: 8.5073881 | C10: 8.5073881 | D10: 0
A11: May 2022 | B11: 8.6715174 | C11: 8.6715174 | D11: 0
A12: Jun 2022 | B12: 9.0218143 | C12: 9.0218143 | D12: 0
A13: Jul 2022 | B13: 9.2441511 | C13: 9.2441511 | D13: 0
A14: Aug 2022 | B14: 9.3569174 | C14: 9.3569174 | D14: 0
A15: Sep 2022 | B15: 8.9973125 | C15: 8.9973125 | D15: 0
A16: Oct 2022 | B16: 8.3770628 | C16: 8.3770628 | D16: 0
A17: Nov 2022 | B17: 7.9346542 | C17: 7.9346542 | D17: 0
A18: Dec 2022 | B18: 7.338933 | C18: 7.338933 | D18: 0
... A55: Feb 2026 | B55: 1.9949729 | C55: -0.86126149 | D55: 2.8562341

Sheet Chart 2a price level
D2: NEW YORK FED ECONOMIC RESEARCH
D4: https://www.newyorkfed.org/research
A6: Month | B6: Direct (percent) | C6: Strategic complementarity (percent) | D6: Marginal cost (percent) | E6: Total effect on the price level (percent) | F6: Forecast (1 = after February 2026, the end of the estimation sample)
A7: Jan 2025 | B7: 0 | C7: 0 | D7: 0 | E7: 0 | F7: 0
A8: Feb 2025 | B8: 8.2767131e-05 | C8: 3.3303523e-06 | D8: 4.7551634e-05 | E8: 0.00013364912 | F8: 0
A9: Mar 2025 | B9: 0.083695492 | C9: 0.00089802929 | D9: 0.0056880495 | E9: 0.090281571 | F9: 0
A10: Apr 2025 | B10: 0.2841871 | C10: 0.003023167 | D10: 0.024831737 | E10: 0.312042 | F10: 0
A11: May 2025 | B11: 0.78216084 | C11: 0.011831221 | D11: 0.063780809 | E11: 0.85777287 | F11: 0
A12: Jun 2025 | B12: 1.305589 | C12: 0.023904768 | D12: 0.1157464 | E12: 1.4452402 | F12: 0
A13: Jul 2025 | B13: 1.662603 | C13: 0.04464256 | D13: 0.17236741 | E13: 1.879613 | F13: 0
A14: Aug 2025 | B14: 1.9320701 | C14: 0.066976004 | D14: 0.23132313 | E14: 2.2303693 | F14: 0
A15: Sep 2025 | B15: 2.180254 | C15: 0.089841246 | D15: 0.30080866 | E15: 2.570904 | F15: 0
A16: Oct 2025 | B16: 2.2612118 | C16: 0.11039992 | D16: 0.37722918 | E16: 2.7488409 | F16: 0
A17: Nov 2025 | B17: 2.2708372 | C17: 0.13239688 | D17: 0.45480076 | E17: 2.8580349 | F17: 0
A18: Dec 2025 | B18: 2.1991964 | C18: 0.15512645 | D18: 0.52359246 | E18: 2.8779153 | F18: 0
... A39: Sep 2027 | B39: 1.5630142 | C39: 0.17026879 | D39: 0.69850507 | E39: 2.431788 | F39: 1

Sheet Chart 2b 12-month change
D2: NEW YORK FED ECONOMIC RESEARCH
D4: https://www.newyorkfed.org/research
A6: Month | B6: Direct (percentage points) | C6: Strategic complementarity (percentage points) | D6: Marginal cost (percentage points) | E6: Total contribution to the 12-month change (percentage points) | F6: Forecast (1 = after February 2026, the end of the estimation sample)
A7: Jan 2025 | B7: 0 | C7: 0 | D7: 0 | E7: 0 | F7: 0
A8: Feb 2025 | B8: 8.2767075e-05 | C8: 3.3303501e-06 | D8: 4.7551602e-05 | E8: 0.00013364903 | F8: 0
A9: Mar 2025 | B9: 0.083657734 | C9: 0.00089762416 | D9: 0.0056854834 | E9: 0.090240841 | F9: 0
A10: Apr 2025 | B10: 0.28374462 | C10: 0.00301846 | D10: 0.024793075 | E10: 0.31155616 | F10: 0
A11: May 2025 | B11: 0.77882532 | C11: 0.011780767 | D11: 0.063508816 | E11: 0.85411491 | F11: 0
A12: Jun 2025 | B12: 1.2962445 | C12: 0.023733674 | D12: 0.11491797 | E12: 1.4348961 | F12: 0
A13: Jul 2025 | B13: 1.6471708 | C13: 0.04422819 | D13: 0.17076751 | E13: 1.8621665 | F13: 0
A14: Aug 2025 | B14: 1.9108391 | C14: 0.066240021 | D14: 0.22878118 | E14: 2.2058603 | F14: 0
A15: Sep 2025 | B15: 2.1526992 | C15: 0.0887058 | D15: 0.29700693 | E15: 2.5384119 | F15: 0
A16: Oct 2025 | B16: 2.2306913 | C16: 0.1089098 | D16: 0.37213756 | E16: 2.7117387 | F16: 0
A17: Nov 2025 | B17: 2.2389919 | C17: 0.1305402 | D17: 0.44842281 | E17: 2.8179549 | F17: 0
A18: Dec 2025 | B18: 2.1681452 | C18: 0.15293617 | D18: 0.51619969 | E18: 2.8372811 | F18: 0
... A39: Sep 2027 | B39: 0.21443262 | C39: -0.019398331 | D39: 0.093881545 | E39: 0.28891583 | F39: 1

Sheet Chart 1 helper
D2: NEW YORK FED ECONOMIC RESEARCH
D4: https://www.newyorkfed.org/research
A6: Helper series for Chart 1 (actual goods CPI vs counterfactual without tariffs). All cells are formulas linked to the data sheet; edit the data sheet, not this one.
A7: The shaded band is drawn as a stacked area: an invisible base (the lower of the two lines) plus the gap between them. Months are real dates so that the missing Oct 2025 is spaced as in Stata.
A9: Month | B9: Date | C9: Actual | D9: Counterfactual without tariffs | E9: Band base (invisible) | F9: Band height (tariff gap) | G9: Zero line
A10: ='Chart 1 counterfactual'!A7 -> Jan 2022 | B10: =DATE(VALUE(RIGHT(A10,4)),MATCH(LEFT(A10,3),{"Jan","Feb","Mar","Apr","May","Jun","Jul","Aug","Sep","Oct","Nov","Dec"},0),1) -> 44562 | C10: ='Chart 1 counterfactual'!B7 -> 6.8514962 | D10: ='Chart 1 counterfactual'!C7 -> 6.8514962 | E10: =MIN(C10,D10) -> 6.8514962 | F10: =ABS(C10-D10) -> 0 | G10: 0
A11: ='Chart 1 counterfactual'!A8 -> Feb 2022 | B11: =DATE(VALUE(RIGHT(A11,4)),MATCH(LEFT(A11,3),{"Jan","Feb","Mar","Apr","May","Jun","Jul","Aug","Sep","Oct","Nov","Dec"},0),1) -> 44593 | C11: ='Chart 1 counterfactual'!B8 -> 7.6911678 | D11: ='Chart 1 counterfactual'!C8 -> 7.6911678 | E11: =MIN(C11,D11) -> 7.6911678 | F11: =ABS(C11-D11) -> 0 | G11: 0
A12: ='Chart 1 counterfactual'!A9 -> Mar 2022 | B12: =DATE(VALUE(RIGHT(A12,4)),MATCH(LEFT(A12,3),{"Jan","Feb","Mar","Apr","May","Jun","Jul","Aug","Sep","Oct","Nov","Dec"},0),1) -> 44621 | C12: ='Chart 1 counterfactual'!B9 -> 8.4240446 | D12: ='Chart 1 counterfactual'!C9 -> 8.4240446 | E12: =MIN(C12,D12) -> 8.4240446 | F12: =ABS(C12-D12) -> 0 | G12: 0
A13: ='Chart 1 counterfactual'!A10 -> Apr 2022 | B13: =DATE(VALUE(RIGHT(A13,4)),MATCH(LEFT(A13,3),{"Jan","Feb","Mar","Apr","May","Jun","Jul","Aug","Sep","Oct","Nov","Dec"},0),1) -> 44652 | C13: ='Chart 1 counterfactual'!B10 -> 8.5073881 | D13: ='Chart 1 counterfactual'!C10 -> 8.5073881 | E13: =MIN(C13,D13) -> 8.5073881 | F13: =ABS(C13-D13) -> 0 | G13: 0
A14: ='Chart 1 counterfactual'!A11 -> May 2022 | B14: =DATE(VALUE(RIGHT(A14,4)),MATCH(LEFT(A14,3),{"Jan","Feb","Mar","Apr","May","Jun","Jul","Aug","Sep","Oct","Nov","Dec"},0),1) -> 44682 | C14: ='Chart 1 counterfactual'!B11 -> 8.6715174 | D14: ='Chart 1 counterfactual'!C11 -> 8.6715174 | E14: =MIN(C14,D14) -> 8.6715174 | F14: =ABS(C14-D14) -> 0 | G14: 0
A15: ='Chart 1 counterfactual'!A12 -> Jun 2022 | B15: =DATE(VALUE(RIGHT(A15,4)),MATCH(LEFT(A15,3),{"Jan","Feb","Mar","Apr","May","Jun","Jul","Aug","Sep","Oct","Nov","Dec"},0),1) -> 44713 | C15: ='Chart 1 counterfactual'!B12 -> 9.0218143 | D15: ='Chart 1 counterfactual'!C12 -> 9.0218143 | E15: =MIN(C15,D15) -> 9.0218143 | F15: =ABS(C15-D15) -> 0 | G15: 0
A16: ='Chart 1 counterfactual'!A13 -> Jul 2022 | B16: =DATE(VALUE(RIGHT(A16,4)),MATCH(LEFT(A16,3),{"Jan","Feb","Mar","Apr","May","Jun","Jul","Aug","Sep","Oct","Nov","Dec"},0),1) -> 44743 | C16: ='Chart 1 counterfactual'!B13 -> 9.2441511 | D16: ='Chart 1 counterfactual'!C13 -> 9.2441511 | E16: =MIN(C16,D16) -> 9.2441511 | F16: =ABS(C16-D16) -> 0 | G16: 0
A17: ='Chart 1 counterfactual'!A14 -> Aug 2022 | B17: =DATE(VALUE(RIGHT(A17,4)),MATCH(LEFT(A17,3),{"Jan","Feb","Mar","Apr","May","Jun","Jul","Aug","Sep","Oct","Nov","Dec"},0),1) -> 44774 | C17: ='Chart 1 counterfactual'!B14 -> 9.3569174 | D17: ='Chart 1 counterfactual'!C14 -> 9.3569174 | E17: =MIN(C17,D17) -> 9.3569174 | F17: =ABS(C17-D17) -> 0 | G17: 0
A18: ='Chart 1 counterfactual'!A15 -> Sep 2022 | B18: =DATE(VALUE(RIGHT(A18,4)),MATCH(LEFT(A18,3),{"Jan","Feb","Mar","Apr","May","Jun","Jul","Aug","Sep","Oct","Nov","Dec"},0),1) -> 44805 | C18: ='Chart 1 counterfactual'!B15 -> 8.9973125 | D18: ='Chart 1 counterfactual'!C15 -> 8.9973125 | E18: =MIN(C18,D18) -> 8.9973125 | F18: =ABS(C18-D18) -> 0 | G18: 0
A19: ='Chart 1 counterfactual'!A16 -> Oct 2022 | B19: =DATE(VALUE(RIGHT(A19,4)),MATCH(LEFT(A19,3),{"Jan","Feb","Mar","Apr","May","Jun","Jul","Aug","Sep","Oct","Nov","Dec"},0),1) -> 44835 | C19: ='Chart 1 counterfactual'!B16 -> 8.3770628 | D19: ='Chart 1 counterfactual'!C16 -> 8.3770628 | E19: =MIN(C19,D19) -> 8.3770628 | F19: =ABS(C19-D19) -> 0 | G19: 0
A20: ='Chart 1 counterfactual'!A17 -> Nov 2022 | B20: =DATE(VALUE(RIGHT(A20,4)),MATCH(LEFT(A20,3),{"Jan","Feb","Mar","Apr","May","Jun","Jul","Aug","Sep","Oct","Nov","Dec"},0),1) -> 44866 | C20: ='Chart 1 counterfactual'!B17 -> 7.9346542 | D20: ='Chart 1 counterfactual'!C17 -> 7.9346542 | E20: =MIN(C20,D20) -> 7.9346542 | F20: =ABS(C20-D20) -> 0 | G20: 0
A21: ='Chart 1 counterfactual'!A18 -> Dec 2022 | B21: =DATE(VALUE(RIGHT(A21,4)),MATCH(LEFT(A21,3),{"Jan","Feb","Mar","Apr","May","Jun","Jul","Aug","Sep","Oct","Nov","Dec"},0),1) -> 44896 | C21: ='Chart 1 counterfactual'!B18 -> 7.338933 | D21: ='Chart 1 counterfactual'!C18 -> 7.338933 | E21: =MIN(C21,D21) -> 7.338933 | F21: =ABS(C21-D21) -> 0 | G21: 0
... A58: ='Chart 1 counterfactual'!A55 -> Feb 2026 | B58: =DATE(VALUE(RIGHT(A58,4)),MATCH(LEFT(A58,3),{"Jan","Feb","Mar","Apr","May","Jun","Jul","Aug","Sep","Oct","Nov","Dec"},0),1) -> 46054 | C58: ='Chart 1 counterfactual'!B55 -> 1.9949729 | D58: ='Chart 1 counterfactual'!C55 -> -0.86126149 | E58: =MIN(C58,D58) -> -0.86126149 | F58: =ABS(C58-D58) -> 2.8562344 | G58: 0

Sheet Chart 2a helper
D2: NEW YORK FED ECONOMIC RESEARCH
D4: https://www.newyorkfed.org/research
A6: Helper series for Chart 2a price level. Cells in blue are settings; everything else is a formula linked to the data sheet.
A7: Stata draws each bar as three floating segments painted in order (Direct, then Strategic complementarity, then Marginal cost on top), each running from the cumulative sum before it to the cumulative sum after it. When the channels have mixed signs, later segments cover earlier ones. Columns I-N of the table below work out which part of each segment stays visible, and the plotted columns (AI onward) stack those visible pieces above and below zero in the right order, so the Excel bars look the same as the Stata bars.
A9: Last month of actual tariffs (dashed line after it) | H9: Sep 2026
A10: Months labelled on the horizontal axis | H10: Jan 2025 | I10: Jul 2025 | J10: Feb 2026 | K10: Sep 2026 | L10: Mar 2027 | M10: Sep 2027
A11: Vertical axis minimum (must match the chart axis) | H11: 0
A12: Vertical axis maximum (must match the chart axis) | H12: 3.1
A13: Dashed line: position (category number); its length is H7-H6 (cell N8) | H13: =MATCH(H9,$A$22:$A$54,0)+0.5 -> 21.5 | N13: =H12-H11 -> 3.1
A14: Vertical gridlines: position (category number) | H14: =MATCH(H10,$A$22:$A$54,0) -> 1 | I14: =MATCH(I10,$A$22:$A$54,0) -> 7 | J14: =MATCH(J10,$A$22:$A$54,0) -> 14 | K14: =MATCH(K10,$A$22:$A$54,0) -> 21 | L14: =MATCH(L10,$A$22:$A$54,0) -> 27 | M14: =MATCH(M10,$A$22:$A$54,0) -> 33
A15: Vertical gridlines: top of the bar in that month | H15: =MAX(0,INDEX($F$22:$H$54,H14,1),INDEX($F$22:$H$54,H14,2),INDEX($F$22:$H$54,H14,3)) -> 0 | I15: =MAX(0,INDEX($F$22:$H$54,I14,1),INDEX($F$22:$H$54,I14,2),INDEX($F$22:$H$54,I14,3)) -> 1.879613 | J15: =MAX(0,INDEX($F$22:$H$54,J14,1),INDEX($F$22:$H$54,J14,2),INDEX($F$22:$H$54,J14,3)) -> 2.9305509 | K15: =MAX(0,INDEX($F$22:$H$54,K14,1),INDEX($F$22:$H$54,K14,2),INDEX($F$22:$H$54,K14,3)) -> 2.1362735 | L15: =MAX(0,INDEX($F$22:$H$54,L14,1),INDEX($F$22:$H$54,L14,2),INDEX($F$22:$H$54,L14,3)) -> 2.2975294 | M15: =MAX(0,INDEX($F$22:$H$54,M14,1),INDEX($F$22:$H$54,M14,2),INDEX($F$22:$H$54,M14,3)) -> 2.431788
A16: Vertical gridlines: length drawn above the bar | H16: =$H$12-H15 -> 3.1 | I16: =$H$12-I15 -> 1.220387 | J16: =$H$12-J15 -> 0.16944909 | K16: =$H$12-K15 -> 0.96372651 | L16: =$H$12-L15 -> 0.80247063 | M16: =$H$12-M15 -> 0.66821196
A17: Vertical gridlines: bottom of the bar in that month | H17: =MIN(0,INDEX($F$22:$H$54,H14,1),INDEX($F$22:$H$54,H14,2),INDEX($F$22:$H$54,H14,3)) -> 0 | I17: =MIN(0,INDEX($F$22:$H$54,I14,1),INDEX($F$22:$H$54,I14,2),INDEX($F$22:$H$54,I14,3)) -> 0 | J17: =MIN(0,INDEX($F$22:$H$54,J14,1),INDEX($F$22:$H$54,J14,2),INDEX($F$22:$H$54,J14,3)) -> 0 | K17: =MIN(0,INDEX($F$22:$H$54,K14,1),INDEX($F$22:$H$54,K14,2),INDEX($F$22:$H$54,K14,3)) -> 0 | L17: =MIN(0,INDEX($F$22:$H$54,L14,1),INDEX($F$22:$H$54,L14,2),INDEX($F$22:$H$54,L14,3)) -> 0 | M17: =MIN(0,INDEX($F$22:$H$54,M14,1),INDEX($F$22:$H$54,M14,2),INDEX($F$22:$H$54,M14,3)) -> 0
A18: Vertical gridlines: length drawn below the bar | H18: =H17-$H$11 -> 0 | I18: =I17-$H$11 -> 0 | J18: =J17-$H$11 -> 0 | K18: =K17-$H$11 -> 0 | L18: =L17-$H$11 -> 0 | M18: =M17-$H$11 -> 0
A19: Zero line (x from, x to, y from, y to) | H19: 0.5 | I19: =ROWS($A$22:$A$54)+0.5 -> 33.5 | J19: 0 | K19: 0
A21: Month | B21: Forecast | C21: Direct | D21: Strategic complementarity | E21: Marginal cost | F21: Top of Direct segment | G21: Top of SC segment | H21: Top of MC segment | I21: MC visible from | J21: MC visible to | K21: SC visible from | L21: SC visible to | M21: Direct visible from | N21: Direct visible to | O21: D above 0: length | P21: D above 0: start | Q21: D above 0: order | R21: D below 0: length | S21: D below 0: start | T21: D below 0: order | U21: SC above 0: length | V21: SC above 0: start | W21: SC above 0: order | X21: SC below 0: length | Y21: SC below 0: start | Z21: SC below 0: order | AA21: MC above 0: length | AB21: MC above 0: start | AC21: MC above 0: order | AD21: MC below 0: length | AE21: MC below 0: start | AF21: MC below 0: order | AG21: Axis label | AH21: Marginal cost | AI21: Strategic complementarity | AJ21: Direct | AK21: Up 1: Direct | AL21: Up 1: Strategic complementarity | AM21: Up 1: Marginal cost | AN21: Up 1: Direct (forecast) | AO21: Up 1: Strategic complementarity (forecast) | AP21: Up 1: Marginal cost (forecast) | AQ21: Up 2: Direct | AR21: Up 2: Strategic complementarity | AS21: Up 2: Marginal cost | AT21: Up 2: Direct (forecast) | AU21: Up 2: Strategic complementarity (forecast) | AV21: Up 2: Marginal cost (forecast) | AW21: Up 3: Direct | AX21: Up 3: Strategic complementarity | AY21: Up 3: Marginal cost | AZ21: Up 3: Direct (forecast) | BA21: Up 3: Strategic complementarity (forecast) | BB21: Up 3: Marginal cost (forecast) | BC21: Down 1: Direct | BD21: Down 1: Strategic complementarity | BE21: Down 1: Marginal cost | BF21: Down 1: Direct (forecast) | BG21: Down 1: Strategic complementarity (forecast) | BH21: Down 1: Marginal cost (forecast) | BI21: Down 2: Direct | BJ21: Down 2: Strategic complementarity | BK21: Down 2: Marginal cost | BL21: Down 2: Direct (forecast) | BM21: Down 2: Strategic complementarity (forecast) | BN21: Down 2: Marginal cost (forecast) | BO21: Down 3: Direct | BP21: Down 3: Strategic complementarity | BQ21: Down 3: Marginal cost | BR21: Down 3: Direct (forecast) | BS21: Down 3: Strategic complementarity (forecast) | BT21: Down 3: Marginal cost (forecast)
A22: ='Chart 2a price level'!A7 -> Jan 2025 | B22: ='Chart 2a price level'!F7 -> 0 | C22: ='Chart 2a price level'!B7 -> 0 | D22: ='Chart 2a price level'!C7 -> 0 | E22: ='Chart 2a price level'!D7 -> 0 | F22: =C22 -> 0 | G22: =F22+D22 -> 0 | H22: =G22+E22 -> 0 | I22: =MIN(G22,H22) -> 0 | J22: =MAX(G22,H22) -> 0 | K22: =IF(I22<=MIN(F22,G22),MIN(MAX(MIN(F22,G22),J22),MAX(F22,G22)),MIN(F22,G22)) -> 0 | L22: =IF(I22<=MIN(F22,G22),MAX(F22,G22),MAX(MIN(MAX(F22,G22),I22),MIN(F22,G22))) -> 0 | M22: =IF(MIN(F22,G22,H22)<=MIN(0,F22),MIN(MAX(MIN(0,F22),MAX(F22,G22,H22)),MAX(0,F22)),MIN(0,F22)) -> 0 | N22: =IF(MIN(F22,G22,H22)<=MIN(0,F22),MAX(0,F22),MAX(MIN(MAX(0,F22),MIN(F22,G22,H22)),MIN(0,F22))) -> 0 | O22: =MAX(N22,0)-MAX(M22,0) -> 0 | P22: =MAX(M22,0) -> 0 | Q22: =1+AND(U22>0,V22<P22)+AND(AA22>0,AB22<P22) -> 1 | R22: =MIN(N22,0)-MIN(M22,0) -> 0 | S22: =MIN(N22,0) -> 0 | T22: =1+AND(X22>0,Y22>S22)+AND(AD22>0,AE22>S22) -> 1 | U22: =MAX(L22,0)-MAX(K22,0) -> 0 | V22: =MAX(K22,0) -> 0 | W22: =1+AND(O22>0,P22<V22)+AND(AA22>0,AB22<V22) -> 1 | X22: =MIN(L22,0)-MIN(K22,0) -> 0 | Y22: =MIN(L22,0) -> 0 | Z22: =1+AND(R22>0,S22>Y22)+AND(AD22>0,AE22>Y22) -> 1 | AA22: =MAX(J22,0)-MAX(I22,0) -> 0 | AB22: =MAX(I22,0) -> 0 | AC22: =1+AND(O22>0,P22<AB22)+AND(U22>0,V22<AB22) -> 1 | AD22: =MIN(J22,0)-MIN(I22,0) -> 0 | AE22: =MIN(J22,0) -> 0 | AF22: =1+AND(R22>0,S22>AE22)+AND(X22>0,Y22>AE22) -> 1 | AG22: =IF(COUNTIF($H$10:$M$10,A22)>0,RIGHT(A22,4)&"m"&MATCH(LEFT(A22,3),{"Jan","Feb","Mar","Apr","May","Jun","Jul","Aug","Sep","Oct","Nov","Dec"},0),"") -> 2025m1 | AK22: =IF(AND(B22=0,Q22=1),O22,0) -> 0 | AL22: =IF(AND(B22=0,W22=1),U22,0) -> 0 | AM22: =IF(AND(B22=0,AC22=1),AA22,0) -> 0 | AN22: =IF(AND(B22=1,Q22=1),O22,0) -> 0 | AO22: =IF(AND(B22=1,W22=1),U22,0) -> 0 | AP22: =IF(AND(B22=1,AC22=1),AA22,0) -> 0 | AQ22: =IF(AND(B22=0,Q22=2),O22,0) -> 0 | AR22: =IF(AND(B22=0,W22=2),U22,0) -> 0 | AS22: =IF(AND(B22=0,AC22=2),AA22,0) -> 0 | AT22: =IF(AND(B22=1,Q22=2),O22,0) -> 0 | AU22: =IF(AND(B22=1,W22=2),U22,0) -> 0 | AV22: =IF(AND(B22=1,AC22=2),AA22,0) -> 0 | AW22: =IF(AND(B22=0,Q22=3),O22,0) -> 0 | AX22: =IF(AND(B22=0,W22=3),U22,0) -> 0 | AY22: =IF(AND(B22=0,AC22=3),AA22,0) -> 0 | AZ22: =IF(AND(B22=1,Q22=3),O22,0) -> 0 | BA22: =IF(AND(B22=1,W22=3),U22,0) -> 0 | BB22: =IF(AND(B22=1,AC22=3),AA22,0) -> 0 | BC22: =IF(AND(B22=0,T22=1),-R22,0) -> 0 | BD22: =IF(AND(B22=0,Z22=1),-X22,0) -> 0 | BE22: =IF(AND(B22=0,AF22=1),-AD22,0) -> 0 | BF22: =IF(AND(B22=1,T22=1),-R22,0) -> 0 | BG22: =IF(AND(B22=1,Z22=1),-X22,0) -> 0 | BH22: =IF(AND(B22=1,AF22=1),-AD22,0) -> 0 | BI22: =IF(AND(B22=0,T22=2),-R22,0) -> 0 | BJ22: =IF(AND(B22=0,Z22=2),-X22,0) -> 0 | BK22: =IF(AND(B22=0,AF22=2),-AD22,0) -> 0 | BL22: =IF(AND(B22=1,T22=2),-R22,0) -> 0 | BM22: =IF(AND(B22=1,Z22=2),-X22,0) -> 0 | BN22: =IF(AND(B22=1,AF22=2),-AD22,0) -> 0 | BO22: =IF(AND(B22=0,T22=3),-R22,0) -> 0 | BP22: =IF(AND(B22=0,Z22=3),-X22,0) -> 0 | BQ22: =IF(AND(B22=0,AF22=3),-AD22,0) -> 0 | BR22: =IF(AND(B22=1,T22=3),-R22,0) -> 0 | BS22: =IF(AND(B22=1,Z22=3),-X22,0) -> 0 | BT22: =IF(AND(B22=1,AF22=3),-AD22,0) -> 0
A23: ='Chart 2a price level'!A8 -> Feb 2025 | B23: ='Chart 2a price level'!F8 -> 0 | C23: ='Chart 2a price level'!B8 -> 8.2767131e-05 | D23: ='Chart 2a price level'!C8 -> 3.3303523e-06 | E23: ='Chart 2a price level'!D8 -> 4.7551634e-05 | F23: =C23 -> 8.2767131e-05 | G23: =F23+D23 -> 8.6097483e-05 | H23: =G23+E23 -> 0.00013364912 | I23: =MIN(G23,H23) -> 8.6097483e-05 | J23: =MAX(G23,H23) -> 0.00013364912 | K23: =IF(I23<=MIN(F23,G23),MIN(MAX(MIN(F23,G23),J23),MAX(F23,G23)),MIN(F23,G23)) -> 8.2767131e-05 | L23: =IF(I23<=MIN(F23,G23),MAX(F23,G23),MAX(MIN(MAX(F23,G23),I23),MIN(F23,G23))) -> 8.6097483e-05 | M23: =IF(MIN(F23,G23,H23)<=MIN(0,F23),MIN(MAX(MIN(0,F23),MAX(F23,G23,H23)),MAX(0,F23)),MIN(0,F23)) -> 0 | N23: =IF(MIN(F23,G23,H23)<=MIN(0,F23),MAX(0,F23),MAX(MIN(MAX(0,F23),MIN(F23,G23,H23)),MIN(0,F23))) -> 8.2767131e-05 | O23: =MAX(N23,0)-MAX(M23,0) -> 8.2767131e-05 | P23: =MAX(M23,0) -> 0 | Q23: =1+AND(U23>0,V23<P23)+AND(AA23>0,AB23<P23) -> 1 | R23: =MIN(N23,0)-MIN(M23,0) -> 0 | S23: =MIN(N23,0) -> 0 | T23: =1+AND(X23>0,Y23>S23)+AND(AD23>0,AE23>S23) -> 1 | U23: =MAX(L23,0)-MAX(K23,0) -> 3.3303523e-06 | V23: =MAX(K23,0) -> 8.2767131e-05 | W23: =1+AND(O23>0,P23<V23)+AND(AA23>0,AB23<V23) -> 2 | X23: =MIN(L23,0)-MIN(K23,0) -> 0 | Y23: =MIN(L23,0) -> 0 | Z23: =1+AND(R23>0,S23>Y23)+AND(AD23>0,AE23>Y23) -> 1 | AA23: =MAX(J23,0)-MAX(I23,0) -> 4.7551634e-05 | AB23: =MAX(I23,0) -> 8.6097483e-05 | AC23: =1+AND(O23>0,P23<AB23)+AND(U23>0,V23<AB23) -> 3 | AD23: =MIN(J23,0)-MIN(I23,0) -> 0 | AE23: =MIN(J23,0) -> 0 | AF23: =1+AND(R23>0,S23>AE23)+AND(X23>0,Y23>AE23) -> 1 | AG23: =IF(COUNTIF($H$10:$M$10,A23)>0,RIGHT(A23,4)&"m"&MATCH(LEFT(A23,3),{"Jan","Feb","Mar","Apr","May","Jun","Jul","Aug","Sep","Oct","Nov","Dec"},0),"") | AK23: =IF(AND(B23=0,Q23=1),O23,0) -> 8.2767131e-05 | AL23: =IF(AND(B23=0,W23=1),U23,0) -> 0 | AM23: =IF(AND(B23=0,AC23=1),AA23,0) -> 0 | AN23: =IF(AND(B23=1,Q23=1),O23,0) -> 0 | AO23: =IF(AND(B23=1,W23=1),U23,0) -> 0 | AP23: =IF(AND(B23=1,AC23=1),AA23,0) -> 0 | AQ23: =IF(AND(B23=0,Q23=2),O23,0) -> 0 | AR23: =IF(AND(B23=0,W23=2),U23,0) -> 3.3303523e-06 | AS23: =IF(AND(B23=0,AC23=2),AA23,0) -> 0 | AT23: =IF(AND(B23=1,Q23=2),O23,0) -> 0 | AU23: =IF(AND(B23=1,W23=2),U23,0) -> 0 | AV23: =IF(AND(B23=1,AC23=2),AA23,0) -> 0 | AW23: =IF(AND(B23=0,Q23=3),O23,0) -> 0 | AX23: =IF(AND(B23=0,W23=3),U23,0) -> 0 | AY23: =IF(AND(B23=0,AC23=3),AA23,0) -> 4.7551634e-05 | AZ23: =IF(AND(B23=1,Q23=3),O23,0) -> 0 | BA23: =IF(AND(B23=1,W23=3),U23,0) -> 0 | BB23: =IF(AND(B23=1,AC23=3),AA23,0) -> 0 | BC23: =IF(AND(B23=0,T23=1),-R23,0) -> 0 | BD23: =IF(AND(B23=0,Z23=1),-X23,0) -> 0 | BE23: =IF(AND(B23=0,AF23=1),-AD23,0) -> 0 | BF23: =IF(AND(B23=1,T23=1),-R23,0) -> 0 | BG23: =IF(AND(B23=1,Z23=1),-X23,0) -> 0 | BH23: =IF(AND(B23=1,AF23=1),-AD23,0) -> 0 | BI23: =IF(AND(B23=0,T23=2),-R23,0) -> 0 | BJ23: =IF(AND(B23=0,Z23=2),-X23,0) -> 0 | BK23: =IF(AND(B23=0,AF23=2),-AD23,0) -> 0 | BL23: =IF(AND(B23=1,T23=2),-R23,0) -> 0 | BM23: =IF(AND(B23=1,Z23=2),-X23,0) -> 0 | BN23: =IF(AND(B23=1,AF23=2),-AD23,0) -> 0 | BO23: =IF(AND(B23=0,T23=3),-R23,0) -> 0 | BP23: =IF(AND(B23=0,Z23=3),-X23,0) -> 0 | BQ23: =IF(AND(B23=0,AF23=3),-AD23,0) -> 0 | BR23: =IF(AND(B23=1,T23=3),-R23,0) -> 0 | BS23: =IF(AND(B23=1,Z23=3),-X23,0) -> 0 | BT23: =IF(AND(B23=1,AF23=3),-AD23,0) -> 0
A24: ='Chart 2a price level'!A9 -> Mar 2025 | B24: ='Chart 2a price level'!F9 -> 0 | C24: ='Chart 2a price level'!B9 -> 0.083695492 | D24: ='Chart 2a price level'!C9 -> 0.00089802929 | E24: ='Chart 2a price level'!D9 -> 0.0056880495 | F24: =C24 -> 0.083695492 | G24: =F24+D24 -> 0.084593521 | H24: =G24+E24 -> 0.090281571 | I24: =MIN(G24,H24) -> 0.084593521 | J24: =MAX(G24,H24) -> 0.090281571 | K24: =IF(I24<=MIN(F24,G24),MIN(MAX(MIN(F24,G24),J24),MAX(F24,G24)),MIN(F24,G24)) -> 0.083695492 | L24: =IF(I24<=MIN(F24,G24),MAX(F24,G24),MAX(MIN(MAX(F24,G24),I24),MIN(F24,G24))) -> 0.084593521 | M24: =IF(MIN(F24,G24,H24)<=MIN(0,F24),MIN(MAX(MIN(0,F24),MAX(F24,G24,H24)),MAX(0,F24)),MIN(0,F24)) -> 0 | N24: =IF(MIN(F24,G24,H24)<=MIN(0,F24),MAX(0,F24),MAX(MIN(MAX(0,F24),MIN(F24,G24,H24)),MIN(0,F24))) -> 0.083695492 | O24: =MAX(N24,0)-MAX(M24,0) -> 0.083695492 | P24: =MAX(M24,0) -> 0 | Q24: =1+AND(U24>0,V24<P24)+AND(AA24>0,AB24<P24) -> 1 | R24: =MIN(N24,0)-MIN(M24,0) -> 0 | S24: =MIN(N24,0) -> 0 | T24: =1+AND(X24>0,Y24>S24)+AND(AD24>0,AE24>S24) -> 1 | U24: =MAX(L24,0)-MAX(K24,0) -> 0.00089802929 | V24: =MAX(K24,0) -> 0.083695492 | W24: =1+AND(O24>0,P24<V24)+AND(AA24>0,AB24<V24) -> 2 | X24: =MIN(L24,0)-MIN(K24,0) -> 0 | Y24: =MIN(L24,0) -> 0 | Z24: =1+AND(R24>0,S24>Y24)+AND(AD24>0,AE24>Y24) -> 1 | AA24: =MAX(J24,0)-MAX(I24,0) -> 0.0056880495 | AB24: =MAX(I24,0) -> 0.084593521 | AC24: =1+AND(O24>0,P24<AB24)+AND(U24>0,V24<AB24) -> 3 | AD24: =MIN(J24,0)-MIN(I24,0) -> 0 | AE24: =MIN(J24,0) -> 0 | AF24: =1+AND(R24>0,S24>AE24)+AND(X24>0,Y24>AE24) -> 1 | AG24: =IF(COUNTIF($H$10:$M$10,A24)>0,RIGHT(A24,4)&"m"&MATCH(LEFT(A24,3),{"Jan","Feb","Mar","Apr","May","Jun","Jul","Aug","Sep","Oct","Nov","Dec"},0),"") | AK24: =IF(AND(B24=0,Q24=1),O24,0) -> 0.083695492 | AL24: =IF(AND(B24=0,W24=1),U24,0) -> 0 | AM24: =IF(AND(B24=0,AC24=1),AA24,0) -> 0 | AN24: =IF(AND(B24=1,Q24=1),O24,0) -> 0 | AO24: =IF(AND(B24=1,W24=1),U24,0) -> 0 | AP24: =IF(AND(B24=1,AC24=1),AA24,0) -> 0 | AQ24: =IF(AND(B24=0,Q24=2),O24,0) -> 0 | AR24: =IF(AND(B24=0,W24=2),U24,0) -> 0.00089802929 | AS24: =IF(AND(B24=0,AC24=2),AA24,0) -> 0 | AT24: =IF(AND(B24=1,Q24=2),O24,0) -> 0 | AU24: =IF(AND(B24=1,W24=2),U24,0) -> 0 | AV24: =IF(AND(B24=1,AC24=2),AA24,0) -> 0 | AW24: =IF(AND(B24=0,Q24=3),O24,0) -> 0 | AX24: =IF(AND(B24=0,W24=3),U24,0) -> 0 | AY24: =IF(AND(B24=0,AC24=3),AA24,0) -> 0.0056880495 | AZ24: =IF(AND(B24=1,Q24=3),O24,0) -> 0 | BA24: =IF(AND(B24=1,W24=3),U24,0) -> 0 | BB24: =IF(AND(B24=1,AC24=3),AA24,0) -> 0 | BC24: =IF(AND(B24=0,T24=1),-R24,0) -> 0 | BD24: =IF(AND(B24=0,Z24=1),-X24,0) -> 0 | BE24: =IF(AND(B24=0,AF24=1),-AD24,0) -> 0 | BF24: =IF(AND(B24=1,T24=1),-R24,0) -> 0 | BG24: =IF(AND(B24=1,Z24=1),-X24,0) -> 0 | BH24: =IF(AND(B24=1,AF24=1),-AD24,0) -> 0 | BI24: =IF(AND(B24=0,T24=2),-R24,0) -> 0 | BJ24: =IF(AND(B24=0,Z24=2),-X24,0) -> 0 | BK24: =IF(AND(B24=0,AF24=2),-AD24,0) -> 0 | BL24: =IF(AND(B24=1,T24=2),-R24,0) -> 0 | BM24: =IF(AND(B24=1,Z24=2),-X24,0) -> 0 | BN24: =IF(AND(B24=1,AF24=2),-AD24,0) -> 0 | BO24: =IF(AND(B24=0,T24=3),-R24,0) -> 0 | BP24: =IF(AND(B24=0,Z24=3),-X24,0) -> 0 | BQ24: =IF(AND(B24=0,AF24=3),-AD24,0) -> 0 | BR24: =IF(AND(B24=1,T24=3),-R24,0) -> 0 | BS24: =IF(AND(B24=1,Z24=3),-X24,0) -> 0 | BT24: =IF(AND(B24=1,AF24=3),-AD24,0) -> 0
A25: ='Chart 2a price level'!A10 -> Apr 2025 | B25: ='Chart 2a price level'!F10 -> 0 | C25: ='Chart 2a price level'!B10 -> 0.2841871 | D25: ='Chart 2a price level'!C10 -> 0.003023167 | E25: ='Chart 2a price level'!D10 -> 0.024831737 | F25: =C25 -> 0.2841871 | G25: =F25+D25 -> 0.28721026 | H25: =G25+E25 -> 0.312042 | I25: =MIN(G25,H25) -> 0.28721026 | J25: =MAX(G25,H25) -> 0.312042 | K25: =IF(I25<=MIN(F25,G25),MIN(MAX(MIN(F25,G25),J25),MAX(F25,G25)),MIN(F25,G25)) -> 0.2841871 | L25: =IF(I25<=MIN(F25,G25),MAX(F25,G25),MAX(MIN(MAX(F25,G25),I25),MIN(F25,G25))) -> 0.28721026 | M25: =IF(MIN(F25,G25,H25)<=MIN(0,F25),MIN(MAX(MIN(0,F25),MAX(F25,G25,H25)),MAX(0,F25)),MIN(0,F25)) -> 0 | N25: =IF(MIN(F25,G25,H25)<=MIN(0,F25),MAX(0,F25),MAX(MIN(MAX(0,F25),MIN(F25,G25,H25)),MIN(0,F25))) -> 0.2841871 | O25: =MAX(N25,0)-MAX(M25,0) -> 0.2841871 | P25: =MAX(M25,0) -> 0 | Q25: =1+AND(U25>0,V25<P25)+AND(AA25>0,AB25<P25) -> 1 | R25: =MIN(N25,0)-MIN(M25,0) -> 0 | S25: =MIN(N25,0) -> 0 | T25: =1+AND(X25>0,Y25>S25)+AND(AD25>0,AE25>S25) -> 1 | U25: =MAX(L25,0)-MAX(K25,0) -> 0.003023167 | V25: =MAX(K25,0) -> 0.2841871 | W25: =1+AND(O25>0,P25<V25)+AND(AA25>0,AB25<V25) -> 2 | X25: =MIN(L25,0)-MIN(K25,0) -> 0 | Y25: =MIN(L25,0) -> 0 | Z25: =1+AND(R25>0,S25>Y25)+AND(AD25>0,AE25>Y25) -> 1 | AA25: =MAX(J25,0)-MAX(I25,0) -> 0.024831737 | AB25: =MAX(I25,0) -> 0.28721026 | AC25: =1+AND(O25>0,P25<AB25)+AND(U25>0,V25<AB25) -> 3 | AD25: =MIN(J25,0)-MIN(I25,0) -> 0 | AE25: =MIN(J25,0) -> 0 | AF25: =1+AND(R25>0,S25>AE25)+AND(X25>0,Y25>AE25) -> 1 | AG25: =IF(COUNTIF($H$10:$M$10,A25)>0,RIGHT(A25,4)&"m"&MATCH(LEFT(A25,3),{"Jan","Feb","Mar","Apr","May","Jun","Jul","Aug","Sep","Oct","Nov","Dec"},0),"") | AK25: =IF(AND(B25=0,Q25=1),O25,0) -> 0.2841871 | AL25: =IF(AND(B25=0,W25=1),U25,0) -> 0 | AM25: =IF(AND(B25=0,AC25=1),AA25,0) -> 0 | AN25: =IF(AND(B25=1,Q25=1),O25,0) -> 0 | AO25: =IF(AND(B25=1,W25=1),U25,0) -> 0 | AP25: =IF(AND(B25=1,AC25=1),AA25,0) -> 0 | AQ25: =IF(AND(B25=0,Q25=2),O25,0) -> 0 | AR25: =IF(AND(B25=0,W25=2),U25,0) -> 0.003023167 | AS25: =IF(AND(B25=0,AC25=2),AA25,0) -> 0 | AT25: =IF(AND(B25=1,Q25=2),O25,0) -> 0 | AU25: =IF(AND(B25=1,W25=2),U25,0) -> 0 | AV25: =IF(AND(B25=1,AC25=2),AA25,0) -> 0 | AW25: =IF(AND(B25=0,Q25=3),O25,0) -> 0 | AX25: =IF(AND(B25=0,W25=3),U25,0) -> 0 | AY25: =IF(AND(B25=0,AC25=3),AA25,0) -> 0.024831737 | AZ25: =IF(AND(B25=1,Q25=3),O25,0) -> 0 | BA25: =IF(AND(B25=1,W25=3),U25,0) -> 0 | BB25: =IF(AND(B25=1,AC25=3),AA25,0) -> 0 | BC25: =IF(AND(B25=0,T25=1),-R25,0) -> 0 | BD25: =IF(AND(B25=0,Z25=1),-X25,0) -> 0 | BE25: =IF(AND(B25=0,AF25=1),-AD25,0) -> 0 | BF25: =IF(AND(B25=1,T25=1),-R25,0) -> 0 | BG25: =IF(AND(B25=1,Z25=1),-X25,0) -> 0 | BH25: =IF(AND(B25=1,AF25=1),-AD25,0) -> 0 | BI25: =IF(AND(B25=0,T25=2),-R25,0) -> 0 | BJ25: =IF(AND(B25=0,Z25=2),-X25,0) -> 0 | BK25: =IF(AND(B25=0,AF25=2),-AD25,0) -> 0 | BL25: =IF(AND(B25=1,T25=2),-R25,0) -> 0 | BM25: =IF(AND(B25=1,Z25=2),-X25,0) -> 0 | BN25: =IF(AND(B25=1,AF25=2),-AD25,0) -> 0 | BO25: =IF(AND(B25=0,T25=3),-R25,0) -> 0 | BP25: =IF(AND(B25=0,Z25=3),-X25,0) -> 0 | BQ25: =IF(AND(B25=0,AF25=3),-AD25,0) -> 0 | BR25: =IF(AND(B25=1,T25=3),-R25,0) -> 0 | BS25: =IF(AND(B25=1,Z25=3),-X25,0) -> 0 | BT25: =IF(AND(B25=1,AF25=3),-AD25,0) -> 0
A26: ='Chart 2a price level'!A11 -> May 2025 | B26: ='Chart 2a price level'!F11 -> 0 | C26: ='Chart 2a price level'!B11 -> 0.78216084 | D26: ='Chart 2a price level'!C11 -> 0.011831221 | E26: ='Chart 2a price level'!D11 -> 0.063780809 | F26: =C26 -> 0.78216084 | G26: =F26+D26 -> 0.79399207 | H26: =G26+E26 -> 0.85777287 | I26: =MIN(G26,H26) -> 0.79399207 | J26: =MAX(G26,H26) -> 0.85777287 | K26: =IF(I26<=MIN(F26,G26),MIN(MAX(MIN(F26,G26),J26),MAX(F26,G26)),MIN(F26,G26)) -> 0.78216084 | L26: =IF(I26<=MIN(F26,G26),MAX(F26,G26),MAX(MIN(MAX(F26,G26),I26),MIN(F26,G26))) -> 0.79399207 | M26: =IF(MIN(F26,G26,H26)<=MIN(0,F26),MIN(MAX(MIN(0,F26),MAX(F26,G26,H26)),MAX(0,F26)),MIN(0,F26)) -> 0 | N26: =IF(MIN(F26,G26,H26)<=MIN(0,F26),MAX(0,F26),MAX(MIN(MAX(0,F26),MIN(F26,G26,H26)),MIN(0,F26))) -> 0.78216084 | O26: =MAX(N26,0)-MAX(M26,0) -> 0.78216084 | P26: =MAX(M26,0) -> 0 | Q26: =1+AND(U26>0,V26<P26)+AND(AA26>0,AB26<P26) -> 1 | R26: =MIN(N26,0)-MIN(M26,0) -> 0 | S26: =MIN(N26,0) -> 0 | T26: =1+AND(X26>0,Y26>S26)+AND(AD26>0,AE26>S26) -> 1 | U26: =MAX(L26,0)-MAX(K26,0) -> 0.011831221 | V26: =MAX(K26,0) -> 0.78216084 | W26: =1+AND(O26>0,P26<V26)+AND(AA26>0,AB26<V26) -> 2 | X26: =MIN(L26,0)-MIN(K26,0) -> 0 | Y26: =MIN(L26,0) -> 0 | Z26: =1+AND(R26>0,S26>Y26)+AND(AD26>0,AE26>Y26) -> 1 | AA26: =MAX(J26,0)-MAX(I26,0) -> 0.063780809 | AB26: =MAX(I26,0) -> 0.79399207 | AC26: =1+AND(O26>0,P26<AB26)+AND(U26>0,V26<AB26) -> 3 | AD26: =MIN(J26,0)-MIN(I26,0) -> 0 | AE26: =MIN(J26,0) -> 0 | AF26: =1+AND(R26>0,S26>AE26)+AND(X26>0,Y26>AE26) -> 1 | AG26: =IF(COUNTIF($H$10:$M$10,A26)>0,RIGHT(A26,4)&"m"&MATCH(LEFT(A26,3),{"Jan","Feb","Mar","Apr","May","Jun","Jul","Aug","Sep","Oct","Nov","Dec"},0),"") | AK26: =IF(AND(B26=0,Q26=1),O26,0) -> 0.78216084 | AL26: =IF(AND(B26=0,W26=1),U26,0) -> 0 | AM26: =IF(AND(B26=0,AC26=1),AA26,0) -> 0 | AN26: =IF(AND(B26=1,Q26=1),O26,0) -> 0 | AO26: =IF(AND(B26=1,W26=1),U26,0) -> 0 | AP26: =IF(AND(B26=1,AC26=1),AA26,0) -> 0 | AQ26: =IF(AND(B26=0,Q26=2),O26,0) -> 0 | AR26: =IF(AND(B26=0,W26=2),U26,0) -> 0.011831221 | AS26: =IF(AND(B26=0,AC26=2),AA26,0) -> 0 | AT26: =IF(AND(B26=1,Q26=2),O26,0) -> 0 | AU26: =IF(AND(B26=1,W26=2),U26,0) -> 0 | AV26: =IF(AND(B26=1,AC26=2),AA26,0) -> 0 | AW26: =IF(AND(B26=0,Q26=3),O26,0) -> 0 | AX26: =IF(AND(B26=0,W26=3),U26,0) -> 0 | AY26: =IF(AND(B26=0,AC26=3),AA26,0) -> 0.063780809 | AZ26: =IF(AND(B26=1,Q26=3),O26,0) -> 0 | BA26: =IF(AND(B26=1,W26=3),U26,0) -> 0 | BB26: =IF(AND(B26=1,AC26=3),AA26,0) -> 0 | BC26: =IF(AND(B26=0,T26=1),-R26,0) -> 0 | BD26: =IF(AND(B26=0,Z26=1),-X26,0) -> 0 | BE26: =IF(AND(B26=0,AF26=1),-AD26,0) -> 0 | BF26: =IF(AND(B26=1,T26=1),-R26,0) -> 0 | BG26: =IF(AND(B26=1,Z26=1),-X26,0) -> 0 | BH26: =IF(AND(B26=1,AF26=1),-AD26,0) -> 0 | BI26: =IF(AND(B26=0,T26=2),-R26,0) -> 0 | BJ26: =IF(AND(B26=0,Z26=2),-X26,0) -> 0 | BK26: =IF(AND(B26=0,AF26=2),-AD26,0) -> 0 | BL26: =IF(AND(B26=1,T26=2),-R26,0) -> 0 | BM26: =IF(AND(B26=1,Z26=2),-X26,0) -> 0 | BN26: =IF(AND(B26=1,AF26=2),-AD26,0) -> 0 | BO26: =IF(AND(B26=0,T26=3),-R26,0) -> 0 | BP26: =IF(AND(B26=0,Z26=3),-X26,0) -> 0 | BQ26: =IF(AND(B26=0,AF26=3),-AD26,0) -> 0 | BR26: =IF(AND(B26=1,T26=3),-R26,0) -> 0 | BS26: =IF(AND(B26=1,Z26=3),-X26,0) -> 0 | BT26: =IF(AND(B26=1,AF26=3),-AD26,0) -> 0
A27: ='Chart 2a price level'!A12 -> Jun 2025 | B27: ='Chart 2a price level'!F12 -> 0 | C27: ='Chart 2a price level'!B12 -> 1.305589 | D27: ='Chart 2a price level'!C12 -> 0.023904768 | E27: ='Chart 2a price level'!D12 -> 0.1157464 | F27: =C27 -> 1.305589 | G27: =F27+D27 -> 1.3294938 | H27: =G27+E27 -> 1.4452402 | I27: =MIN(G27,H27) -> 1.3294938 | J27: =MAX(G27,H27) -> 1.4452402 | K27: =IF(I27<=MIN(F27,G27),MIN(MAX(MIN(F27,G27),J27),MAX(F27,G27)),MIN(F27,G27)) -> 1.305589 | L27: =IF(I27<=MIN(F27,G27),MAX(F27,G27),MAX(MIN(MAX(F27,G27),I27),MIN(F27,G27))) -> 1.3294938 | M27: =IF(MIN(F27,G27,H27)<=MIN(0,F27),MIN(MAX(MIN(0,F27),MAX(F27,G27,H27)),MAX(0,F27)),MIN(0,F27)) -> 0 | N27: =IF(MIN(F27,G27,H27)<=MIN(0,F27),MAX(0,F27),MAX(MIN(MAX(0,F27),MIN(F27,G27,H27)),MIN(0,F27))) -> 1.305589 | O27: =MAX(N27,0)-MAX(M27,0) -> 1.305589 | P27: =MAX(M27,0) -> 0 | Q27: =1+AND(U27>0,V27<P27)+AND(AA27>0,AB27<P27) -> 1 | R27: =MIN(N27,0)-MIN(M27,0) -> 0 | S27: =MIN(N27,0) -> 0 | T27: =1+AND(X27>0,Y27>S27)+AND(AD27>0,AE27>S27) -> 1 | U27: =MAX(L27,0)-MAX(K27,0) -> 0.023904768 | V27: =MAX(K27,0) -> 1.305589 | W27: =1+AND(O27>0,P27<V27)+AND(AA27>0,AB27<V27) -> 2 | X27: =MIN(L27,0)-MIN(K27,0) -> 0 | Y27: =MIN(L27,0) -> 0 | Z27: =1+AND(R27>0,S27>Y27)+AND(AD27>0,AE27>Y27) -> 1 | AA27: =MAX(J27,0)-MAX(I27,0) -> 0.1157464 | AB27: =MAX(I27,0) -> 1.3294938 | AC27: =1+AND(O27>0,P27<AB27)+AND(U27>0,V27<AB27) -> 3 | AD27: =MIN(J27,0)-MIN(I27,0) -> 0 | AE27: =MIN(J27,0) -> 0 | AF27: =1+AND(R27>0,S27>AE27)+AND(X27>0,Y27>AE27) -> 1 | AG27: =IF(COUNTIF($H$10:$M$10,A27)>0,RIGHT(A27,4)&"m"&MATCH(LEFT(A27,3),{"Jan","Feb","Mar","Apr","May","Jun","Jul","Aug","Sep","Oct","Nov","Dec"},0),"") | AK27: =IF(AND(B27=0,Q27=1),O27,0) -> 1.305589 | AL27: =IF(AND(B27=0,W27=1),U27,0) -> 0 | AM27: =IF(AND(B27=0,AC27=1),AA27,0) -> 0 | AN27: =IF(AND(B27=1,Q27=1),O27,0) -> 0 | AO27: =IF(AND(B27=1,W27=1),U27,0) -> 0 | AP27: =IF(AND(B27=1,AC27=1),AA27,0) -> 0 | AQ27: =IF(AND(B27=0,Q27=2),O27,0) -> 0 | AR27: =IF(AND(B27=0,W27=2),U27,0) -> 0.023904768 | AS27: =IF(AND(B27=0,AC27=2),AA27,0) -> 0 | AT27: =IF(AND(B27=1,Q27=2),O27,0) -> 0 | AU27: =IF(AND(B27=1,W27=2),U27,0) -> 0 | AV27: =IF(AND(B27=1,AC27=2),AA27,0) -> 0 | AW27: =IF(AND(B27=0,Q27=3),O27,0) -> 0 | AX27: =IF(AND(B27=0,W27=3),U27,0) -> 0 | AY27: =IF(AND(B27=0,AC27=3),AA27,0) -> 0.1157464 | AZ27: =IF(AND(B27=1,Q27=3),O27,0) -> 0 | BA27: =IF(AND(B27=1,W27=3),U27,0) -> 0 | BB27: =IF(AND(B27=1,AC27=3),AA27,0) -> 0 | BC27: =IF(AND(B27=0,T27=1),-R27,0) -> 0 | BD27: =IF(AND(B27=0,Z27=1),-X27,0) -> 0 | BE27: =IF(AND(B27=0,AF27=1),-AD27,0) -> 0 | BF27: =IF(AND(B27=1,T27=1),-R27,0) -> 0 | BG27: =IF(AND(B27=1,Z27=1),-X27,0) -> 0 | BH27: =IF(AND(B27=1,AF27=1),-AD27,0) -> 0 | BI27: =IF(AND(B27=0,T27=2),-R27,0) -> 0 | BJ27: =IF(AND(B27=0,Z27=2),-X27,0) -> 0 | BK27: =IF(AND(B27=0,AF27=2),-AD27,0) -> 0 | BL27: =IF(AND(B27=1,T27=2),-R27,0) -> 0 | BM27: =IF(AND(B27=1,Z27=2),-X27,0) -> 0 | BN27: =IF(AND(B27=1,AF27=2),-AD27,0) -> 0 | BO27: =IF(AND(B27=0,T27=3),-R27,0) -> 0 | BP27: =IF(AND(B27=0,Z27=3),-X27,0) -> 0 | BQ27: =IF(AND(B27=0,AF27=3),-AD27,0) -> 0 | BR27: =IF(AND(B27=1,T27=3),-R27,0) -> 0 | BS27: =IF(AND(B27=1,Z27=3),-X27,0) -> 0 | BT27: =IF(AND(B27=1,AF27=3),-AD27,0) -> 0
A28: ='Chart 2a price level'!A13 -> Jul 2025 | B28: ='Chart 2a price level'!F13 -> 0 | C28: ='Chart 2a price level'!B13 -> 1.662603 | D28: ='Chart 2a price level'!C13 -> 0.04464256 | E28: ='Chart 2a price level'!D13 -> 0.17236741 | F28: =C28 -> 1.662603 | G28: =F28+D28 -> 1.7072456 | H28: =G28+E28 -> 1.879613 | I28: =MIN(G28,H28) -> 1.7072456 | J28: =MAX(G28,H28) -> 1.879613 | K28: =IF(I28<=MIN(F28,G28),MIN(MAX(MIN(F28,G28),J28),MAX(F28,G28)),MIN(F28,G28)) -> 1.662603 | L28: =IF(I28<=MIN(F28,G28),MAX(F28,G28),MAX(MIN(MAX(F28,G28),I28),MIN(F28,G28))) -> 1.7072456 | M28: =IF(MIN(F28,G28,H28)<=MIN(0,F28),MIN(MAX(MIN(0,F28),MAX(F28,G28,H28)),MAX(0,F28)),MIN(0,F28)) -> 0 | N28: =IF(MIN(F28,G28,H28)<=MIN(0,F28),MAX(0,F28),MAX(MIN(MAX(0,F28),MIN(F28,G28,H28)),MIN(0,F28))) -> 1.662603 | O28: =MAX(N28,0)-MAX(M28,0) -> 1.662603 | P28: =MAX(M28,0) -> 0 | Q28: =1+AND(U28>0,V28<P28)+AND(AA28>0,AB28<P28) -> 1 | R28: =MIN(N28,0)-MIN(M28,0) -> 0 | S28: =MIN(N28,0) -> 0 | T28: =1+AND(X28>0,Y28>S28)+AND(AD28>0,AE28>S28) -> 1 | U28: =MAX(L28,0)-MAX(K28,0) -> 0.04464256 | V28: =MAX(K28,0) -> 1.662603 | W28: =1+AND(O28>0,P28<V28)+AND(AA28>0,AB28<V28) -> 2 | X28: =MIN(L28,0)-MIN(K28,0) -> 0 | Y28: =MIN(L28,0) -> 0 | Z28: =1+AND(R28>0,S28>Y28)+AND(AD28>0,AE28>Y28) -> 1 | AA28: =MAX(J28,0)-MAX(I28,0) -> 0.17236741 | AB28: =MAX(I28,0) -> 1.7072456 | AC28: =1+AND(O28>0,P28<AB28)+AND(U28>0,V28<AB28) -> 3 | AD28: =MIN(J28,0)-MIN(I28,0) -> 0 | AE28: =MIN(J28,0) -> 0 | AF28: =1+AND(R28>0,S28>AE28)+AND(X28>0,Y28>AE28) -> 1 | AG28: =IF(COUNTIF($H$10:$M$10,A28)>0,RIGHT(A28,4)&"m"&MATCH(LEFT(A28,3),{"Jan","Feb","Mar","Apr","May","Jun","Jul","Aug","Sep","Oct","Nov","Dec"},0),"") -> 2025m7 | AK28: =IF(AND(B28=0,Q28=1),O28,0) -> 1.662603 | AL28: =IF(AND(B28=0,W28=1),U28,0) -> 0 | AM28: =IF(AND(B28=0,AC28=1),AA28,0) -> 0 | AN28: =IF(AND(B28=1,Q28=1),O28,0) -> 0 | AO28: =IF(AND(B28=1,W28=1),U28,0) -> 0 | AP28: =IF(AND(B28=1,AC28=1),AA28,0) -> 0 | AQ28: =IF(AND(B28=0,Q28=2),O28,0) -> 0 | AR28: =IF(AND(B28=0,W28=2),U28,0) -> 0.04464256 | AS28: =IF(AND(B28=0,AC28=2),AA28,0) -> 0 | AT28: =IF(AND(B28=1,Q28=2),O28,0) -> 0 | AU28: =IF(AND(B28=1,W28=2),U28,0) -> 0 | AV28: =IF(AND(B28=1,AC28=2),AA28,0) -> 0 | AW28: =IF(AND(B28=0,Q28=3),O28,0) -> 0 | AX28: =IF(AND(B28=0,W28=3),U28,0) -> 0 | AY28: =IF(AND(B28=0,AC28=3),AA28,0) -> 0.17236741 | AZ28: =IF(AND(B28=1,Q28=3),O28,0) -> 0 | BA28: =IF(AND(B28=1,W28=3),U28,0) -> 0 | BB28: =IF(AND(B28=1,AC28=3),AA28,0) -> 0 | BC28: =IF(AND(B28=0,T28=1),-R28,0) -> 0 | BD28: =IF(AND(B28=0,Z28=1),-X28,0) -> 0 | BE28: =IF(AND(B28=0,AF28=1),-AD28,0) -> 0 | BF28: =IF(AND(B28=1,T28=1),-R28,0) -> 0 | BG28: =IF(AND(B28=1,Z28=1),-X28,0) -> 0 | BH28: =IF(AND(B28=1,AF28=1),-AD28,0) -> 0 | BI28: =IF(AND(B28=0,T28=2),-R28,0) -> 0 | BJ28: =IF(AND(B28=0,Z28=2),-X28,0) -> 0 | BK28: =IF(AND(B28=0,AF28=2),-AD28,0) -> 0 | BL28: =IF(AND(B28=1,T28=2),-R28,0) -> 0 | BM28: =IF(AND(B28=1,Z28=2),-X28,0) -> 0 | BN28: =IF(AND(B28=1,AF28=2),-AD28,0) -> 0 | BO28: =IF(AND(B28=0,T28=3),-R28,0) -> 0 | BP28: =IF(AND(B28=0,Z28=3),-X28,0) -> 0 | BQ28: =IF(AND(B28=0,AF28=3),-AD28,0) -> 0 | BR28: =IF(AND(B28=1,T28=3),-R28,0) -> 0 | BS28: =IF(AND(B28=1,Z28=3),-X28,0) -> 0 | BT28: =IF(AND(B28=1,AF28=3),-AD28,0) -> 0
A29: ='Chart 2a price level'!A14 -> Aug 2025 | B29: ='Chart 2a price level'!F14 -> 0 | C29: ='Chart 2a price level'!B14 -> 1.9320701 | D29: ='Chart 2a price level'!C14 -> 0.066976004 | E29: ='Chart 2a price level'!D14 -> 0.23132313 | F29: =C29 -> 1.9320701 | G29: =F29+D29 -> 1.9990461 | H29: =G29+E29 -> 2.2303693 | I29: =MIN(G29,H29) -> 1.9990461 | J29: =MAX(G29,H29) -> 2.2303693 | K29: =IF(I29<=MIN(F29,G29),MIN(MAX(MIN(F29,G29),J29),MAX(F29,G29)),MIN(F29,G29)) -> 1.9320701 | L29: =IF(I29<=MIN(F29,G29),MAX(F29,G29),MAX(MIN(MAX(F29,G29),I29),MIN(F29,G29))) -> 1.9990461 | M29: =IF(MIN(F29,G29,H29)<=MIN(0,F29),MIN(MAX(MIN(0,F29),MAX(F29,G29,H29)),MAX(0,F29)),MIN(0,F29)) -> 0 | N29: =IF(MIN(F29,G29,H29)<=MIN(0,F29),MAX(0,F29),MAX(MIN(MAX(0,F29),MIN(F29,G29,H29)),MIN(0,F29))) -> 1.9320701 | O29: =MAX(N29,0)-MAX(M29,0) -> 1.9320701 | P29: =MAX(M29,0) -> 0 | Q29: =1+AND(U29>0,V29<P29)+AND(AA29>0,AB29<P29) -> 1 | R29: =MIN(N29,0)-MIN(M29,0) -> 0 | S29: =MIN(N29,0) -> 0 | T29: =1+AND(X29>0,Y29>S29)+AND(AD29>0,AE29>S29) -> 1 | U29: =MAX(L29,0)-MAX(K29,0) -> 0.066976004 | V29: =MAX(K29,0) -> 1.9320701 | W29: =1+AND(O29>0,P29<V29)+AND(AA29>0,AB29<V29) -> 2 | X29: =MIN(L29,0)-MIN(K29,0) -> 0 | Y29: =MIN(L29,0) -> 0 | Z29: =1+AND(R29>0,S29>Y29)+AND(AD29>0,AE29>Y29) -> 1 | AA29: =MAX(J29,0)-MAX(I29,0) -> 0.23132313 | AB29: =MAX(I29,0) -> 1.9990461 | AC29: =1+AND(O29>0,P29<AB29)+AND(U29>0,V29<AB29) -> 3 | AD29: =MIN(J29,0)-MIN(I29,0) -> 0 | AE29: =MIN(J29,0) -> 0 | AF29: =1+AND(R29>0,S29>AE29)+AND(X29>0,Y29>AE29) -> 1 | AG29: =IF(COUNTIF($H$10:$M$10,A29)>0,RIGHT(A29,4)&"m"&MATCH(LEFT(A29,3),{"Jan","Feb","Mar","Apr","May","Jun","Jul","Aug","Sep","Oct","Nov","Dec"},0),"") | AK29: =IF(AND(B29=0,Q29=1),O29,0) -> 1.9320701 | AL29: =IF(AND(B29=0,W29=1),U29,0) -> 0 | AM29: =IF(AND(B29=0,AC29=1),AA29,0) -> 0 | AN29: =IF(AND(B29=1,Q29=1),O29,0) -> 0 | AO29: =IF(AND(B29=1,W29=1),U29,0) -> 0 | AP29: =IF(AND(B29=1,AC29=1),AA29,0) -> 0 | AQ29: =IF(AND(B29=0,Q29=2),O29,0) -> 0 | AR29: =IF(AND(B29=0,W29=2),U29,0) -> 0.066976004 | AS29: =IF(AND(B29=0,AC29=2),AA29,0) -> 0 | AT29: =IF(AND(B29=1,Q29=2),O29,0) -> 0 | AU29: =IF(AND(B29=1,W29=2),U29,0) -> 0 | AV29: =IF(AND(B29=1,AC29=2),AA29,0) -> 0 | AW29: =IF(AND(B29=0,Q29=3),O29,0) -> 0 | AX29: =IF(AND(B29=0,W29=3),U29,0) -> 0 | AY29: =IF(AND(B29=0,AC29=3),AA29,0) -> 0.23132313 | AZ29: =IF(AND(B29=1,Q29=3),O29,0) -> 0 | BA29: =IF(AND(B29=1,W29=3),U29,0) -> 0 | BB29: =IF(AND(B29=1,AC29=3),AA29,0) -> 0 | BC29: =IF(AND(B29=0,T29=1),-R29,0) -> 0 | BD29: =IF(AND(B29=0,Z29=1),-X29,0) -> 0 | BE29: =IF(AND(B29=0,AF29=1),-AD29,0) -> 0 | BF29: =IF(AND(B29=1,T29=1),-R29,0) -> 0 | BG29: =IF(AND(B29=1,Z29=1),-X29,0) -> 0 | BH29: =IF(AND(B29=1,AF29=1),-AD29,0) -> 0 | BI29: =IF(AND(B29=0,T29=2),-R29,0) -> 0 | BJ29: =IF(AND(B29=0,Z29=2),-X29,0) -> 0 | BK29: =IF(AND(B29=0,AF29=2),-AD29,0) -> 0 | BL29: =IF(AND(B29=1,T29=2),-R29,0) -> 0 | BM29: =IF(AND(B29=1,Z29=2),-X29,0) -> 0 | BN29: =IF(AND(B29=1,AF29=2),-AD29,0) -> 0 | BO29: =IF(AND(B29=0,T29=3),-R29,0) -> 0 | BP29: =IF(AND(B29=0,Z29=3),-X29,0) -> 0 | BQ29: =IF(AND(B29=0,AF29=3),-AD29,0) -> 0 | BR29: =IF(AND(B29=1,T29=3),-R29,0) -> 0 | BS29: =IF(AND(B29=1,Z29=3),-X29,0) -> 0 | BT29: =IF(AND(B29=1,AF29=3),-AD29,0) -> 0
A30: ='Chart 2a price level'!A15 -> Sep 2025 | B30: ='Chart 2a price level'!F15 -> 0 | C30: ='Chart 2a price level'!B15 -> 2.180254 | D30: ='Chart 2a price level'!C15 -> 0.089841246 | E30: ='Chart 2a price level'!D15 -> 0.30080866 | F30: =C30 -> 2.180254 | G30: =F30+D30 -> 2.2700953 | H30: =G30+E30 -> 2.570904 | I30: =MIN(G30,H30) -> 2.2700953 | J30: =MAX(G30,H30) -> 2.570904 | K30: =IF(I30<=MIN(F30,G30),MIN(MAX(MIN(F30,G30),J30),MAX(F30,G30)),MIN(F30,G30)) -> 2.180254 | L30: =IF(I30<=MIN(F30,G30),MAX(F30,G30),MAX(MIN(MAX(F30,G30),I30),MIN(F30,G30))) -> 2.2700953 | M30: =IF(MIN(F30,G30,H30)<=MIN(0,F30),MIN(MAX(MIN(0,F30),MAX(F30,G30,H30)),MAX(0,F30)),MIN(0,F30)) -> 0 | N30: =IF(MIN(F30,G30,H30)<=MIN(0,F30),MAX(0,F30),MAX(MIN(MAX(0,F30),MIN(F30,G30,H30)),MIN(0,F30))) -> 2.180254 | O30: =MAX(N30,0)-MAX(M30,0) -> 2.180254 | P30: =MAX(M30,0) -> 0 | Q30: =1+AND(U30>0,V30<P30)+AND(AA30>0,AB30<P30) -> 1 | R30: =MIN(N30,0)-MIN(M30,0) -> 0 | S30: =MIN(N30,0) -> 0 | T30: =1+AND(X30>0,Y30>S30)+AND(AD30>0,AE30>S30) -> 1 | U30: =MAX(L30,0)-MAX(K30,0) -> 0.089841246 | V30: =MAX(K30,0) -> 2.180254 | W30: =1+AND(O30>0,P30<V30)+AND(AA30>0,AB30<V30) -> 2 | X30: =MIN(L30,0)-MIN(K30,0) -> 0 | Y30: =MIN(L30,0) -> 0 | Z30: =1+AND(R30>0,S30>Y30)+AND(AD30>0,AE30>Y30) -> 1 | AA30: =MAX(J30,0)-MAX(I30,0) -> 0.30080866 | AB30: =MAX(I30,0) -> 2.2700953 | AC30: =1+AND(O30>0,P30<AB30)+AND(U30>0,V30<AB30) -> 3 | AD30: =MIN(J30,0)-MIN(I30,0) -> 0 | AE30: =MIN(J30,0) -> 0 | AF30: =1+AND(R30>0,S30>AE30)+AND(X30>0,Y30>AE30) -> 1 | AG30: =IF(COUNTIF($H$10:$M$10,A30)>0,RIGHT(A30,4)&"m"&MATCH(LEFT(A30,3),{"Jan","Feb","Mar","Apr","May","Jun","Jul","Aug","Sep","Oct","Nov","Dec"},0),"") | AK30: =IF(AND(B30=0,Q30=1),O30,0) -> 2.180254 | AL30: =IF(AND(B30=0,W30=1),U30,0) -> 0 | AM30: =IF(AND(B30=0,AC30=1),AA30,0) -> 0 | AN30: =IF(AND(B30=1,Q30=1),O30,0) -> 0 | AO30: =IF(AND(B30=1,W30=1),U30,0) -> 0 | AP30: =IF(AND(B30=1,AC30=1),AA30,0) -> 0 | AQ30: =IF(AND(B30=0,Q30=2),O30,0) -> 0 | AR30: =IF(AND(B30=0,W30=2),U30,0) -> 0.089841246 | AS30: =IF(AND(B30=0,AC30=2),AA30,0) -> 0 | AT30: =IF(AND(B30=1,Q30=2),O30,0) -> 0 | AU30: =IF(AND(B30=1,W30=2),U30,0) -> 0 | AV30: =IF(AND(B30=1,AC30=2),AA30,0) -> 0 | AW30: =IF(AND(B30=0,Q30=3),O30,0) -> 0 | AX30: =IF(AND(B30=0,W30=3),U30,0) -> 0 | AY30: =IF(AND(B30=0,AC30=3),AA30,0) -> 0.30080866 | AZ30: =IF(AND(B30=1,Q30=3),O30,0) -> 0 | BA30: =IF(AND(B30=1,W30=3),U30,0) -> 0 | BB30: =IF(AND(B30=1,AC30=3),AA30,0) -> 0 | BC30: =IF(AND(B30=0,T30=1),-R30,0) -> 0 | BD30: =IF(AND(B30=0,Z30=1),-X30,0) -> 0 | BE30: =IF(AND(B30=0,AF30=1),-AD30,0) -> 0 | BF30: =IF(AND(B30=1,T30=1),-R30,0) -> 0 | BG30: =IF(AND(B30=1,Z30=1),-X30,0) -> 0 | BH30: =IF(AND(B30=1,AF30=1),-AD30,0) -> 0 | BI30: =IF(AND(B30=0,T30=2),-R30,0) -> 0 | BJ30: =IF(AND(B30=0,Z30=2),-X30,0) -> 0 | BK30: =IF(AND(B30=0,AF30=2),-AD30,0) -> 0 | BL30: =IF(AND(B30=1,T30=2),-R30,0) -> 0 | BM30: =IF(AND(B30=1,Z30=2),-X30,0) -> 0 | BN30: =IF(AND(B30=1,AF30=2),-AD30,0) -> 0 | BO30: =IF(AND(B30=0,T30=3),-R30,0) -> 0 | BP30: =IF(AND(B30=0,Z30=3),-X30,0) -> 0 | BQ30: =IF(AND(B30=0,AF30=3),-AD30,0) -> 0 | BR30: =IF(AND(B30=1,T30=3),-R30,0) -> 0 | BS30: =IF(AND(B30=1,Z30=3),-X30,0) -> 0 | BT30: =IF(AND(B30=1,AF30=3),-AD30,0) -> 0
A31: ='Chart 2a price level'!A16 -> Oct 2025 | B31: ='Chart 2a price level'!F16 -> 0 | C31: ='Chart 2a price level'!B16 -> 2.2612118 | D31: ='Chart 2a price level'!C16 -> 0.11039992 | E31: ='Chart 2a price level'!D16 -> 0.37722918 | F31: =C31 -> 2.2612118 | G31: =F31+D31 -> 2.3716117 | H31: =G31+E31 -> 2.7488409 | I31: =MIN(G31,H31) -> 2.3716117 | J31: =MAX(G31,H31) -> 2.7488409 | K31: =IF(I31<=MIN(F31,G31),MIN(MAX(MIN(F31,G31),J31),MAX(F31,G31)),MIN(F31,G31)) -> 2.2612118 | L31: =IF(I31<=MIN(F31,G31),MAX(F31,G31),MAX(MIN(MAX(F31,G31),I31),MIN(F31,G31))) -> 2.3716117 | M31: =IF(MIN(F31,G31,H31)<=MIN(0,F31),MIN(MAX(MIN(0,F31),MAX(F31,G31,H31)),MAX(0,F31)),MIN(0,F31)) -> 0 | N31: =IF(MIN(F31,G31,H31)<=MIN(0,F31),MAX(0,F31),MAX(MIN(MAX(0,F31),MIN(F31,G31,H31)),MIN(0,F31))) -> 2.2612118 | O31: =MAX(N31,0)-MAX(M31,0) -> 2.2612118 | P31: =MAX(M31,0) -> 0 | Q31: =1+AND(U31>0,V31<P31)+AND(AA31>0,AB31<P31) -> 1 | R31: =MIN(N31,0)-MIN(M31,0) -> 0 | S31: =MIN(N31,0) -> 0 | T31: =1+AND(X31>0,Y31>S31)+AND(AD31>0,AE31>S31) -> 1 | U31: =MAX(L31,0)-MAX(K31,0) -> 0.11039992 | V31: =MAX(K31,0) -> 2.2612118 | W31: =1+AND(O31>0,P31<V31)+AND(AA31>0,AB31<V31) -> 2 | X31: =MIN(L31,0)-MIN(K31,0) -> 0 | Y31: =MIN(L31,0) -> 0 | Z31: =1+AND(R31>0,S31>Y31)+AND(AD31>0,AE31>Y31) -> 1 | AA31: =MAX(J31,0)-MAX(I31,0) -> 0.37722918 | AB31: =MAX(I31,0) -> 2.3716117 | AC31: =1+AND(O31>0,P31<AB31)+AND(U31>0,V31<AB31) -> 3 | AD31: =MIN(J31,0)-MIN(I31,0) -> 0 | AE31: =MIN(J31,0) -> 0 | AF31: =1+AND(R31>0,S31>AE31)+AND(X31>0,Y31>AE31) -> 1 | AG31: =IF(COUNTIF($H$10:$M$10,A31)>0,RIGHT(A31,4)&"m"&MATCH(LEFT(A31,3),{"Jan","Feb","Mar","Apr","May","Jun","Jul","Aug","Sep","Oct","Nov","Dec"},0),"") | AK31: =IF(AND(B31=0,Q31=1),O31,0) -> 2.2612118 | AL31: =IF(AND(B31=0,W31=1),U31,0) -> 0 | AM31: =IF(AND(B31=0,AC31=1),AA31,0) -> 0 | AN31: =IF(AND(B31=1,Q31=1),O31,0) -> 0 | AO31: =IF(AND(B31=1,W31=1),U31,0) -> 0 | AP31: =IF(AND(B31=1,AC31=1),AA31,0) -> 0 | AQ31: =IF(AND(B31=0,Q31=2),O31,0) -> 0 | AR31: =IF(AND(B31=0,W31=2),U31,0) -> 0.11039992 | AS31: =IF(AND(B31=0,AC31=2),AA31,0) -> 0 | AT31: =IF(AND(B31=1,Q31=2),O31,0) -> 0 | AU31: =IF(AND(B31=1,W31=2),U31,0) -> 0 | AV31: =IF(AND(B31=1,AC31=2),AA31,0) -> 0 | AW31: =IF(AND(B31=0,Q31=3),O31,0) -> 0 | AX31: =IF(AND(B31=0,W31=3),U31,0) -> 0 | AY31: =IF(AND(B31=0,AC31=3),AA31,0) -> 0.37722918 | AZ31: =IF(AND(B31=1,Q31=3),O31,0) -> 0 | BA31: =IF(AND(B31=1,W31=3),U31,0) -> 0 | BB31: =IF(AND(B31=1,AC31=3),AA31,0) -> 0 | BC31: =IF(AND(B31=0,T31=1),-R31,0) -> 0 | BD31: =IF(AND(B31=0,Z31=1),-X31,0) -> 0 | BE31: =IF(AND(B31=0,AF31=1),-AD31,0) -> 0 | BF31: =IF(AND(B31=1,T31=1),-R31,0) -> 0 | BG31: =IF(AND(B31=1,Z31=1),-X31,0) -> 0 | BH31: =IF(AND(B31=1,AF31=1),-AD31,0) -> 0 | BI31: =IF(AND(B31=0,T31=2),-R31,0) -> 0 | BJ31: =IF(AND(B31=0,Z31=2),-X31,0) -> 0 | BK31: =IF(AND(B31=0,AF31=2),-AD31,0) -> 0 | BL31: =IF(AND(B31=1,T31=2),-R31,0) -> 0 | BM31: =IF(AND(B31=1,Z31=2),-X31,0) -> 0 | BN31: =IF(AND(B31=1,AF31=2),-AD31,0) -> 0 | BO31: =IF(AND(B31=0,T31=3),-R31,0) -> 0 | BP31: =IF(AND(B31=0,Z31=3),-X31,0) -> 0 | BQ31: =IF(AND(B31=0,AF31=3),-AD31,0) -> 0 | BR31: =IF(AND(B31=1,T31=3),-R31,0) -> 0 | BS31: =IF(AND(B31=1,Z31=3),-X31,0) -> 0 | BT31: =IF(AND(B31=1,AF31=3),-AD31,0) -> 0
A32: ='Chart 2a price level'!A17 -> Nov 2025 | B32: ='Chart 2a price level'!F17 -> 0 | C32: ='Chart 2a price level'!B17 -> 2.2708372 | D32: ='Chart 2a price level'!C17 -> 0.13239688 | E32: ='Chart 2a price level'!D17 -> 0.45480076 | F32: =C32 -> 2.2708372 | G32: =F32+D32 -> 2.4032341 | H32: =G32+E32 -> 2.8580349 | I32: =MIN(G32,H32) -> 2.4032341 | J32: =MAX(G32,H32) -> 2.8580349 | K32: =IF(I32<=MIN(F32,G32),MIN(MAX(MIN(F32,G32),J32),MAX(F32,G32)),MIN(F32,G32)) -> 2.2708372 | L32: =IF(I32<=MIN(F32,G32),MAX(F32,G32),MAX(MIN(MAX(F32,G32),I32),MIN(F32,G32))) -> 2.4032341 | M32: =IF(MIN(F32,G32,H32)<=MIN(0,F32),MIN(MAX(MIN(0,F32),MAX(F32,G32,H32)),MAX(0,F32)),MIN(0,F32)) -> 0 | N32: =IF(MIN(F32,G32,H32)<=MIN(0,F32),MAX(0,F32),MAX(MIN(MAX(0,F32),MIN(F32,G32,H32)),MIN(0,F32))) -> 2.2708372 | O32: =MAX(N32,0)-MAX(M32,0) -> 2.2708372 | P32: =MAX(M32,0) -> 0 | Q32: =1+AND(U32>0,V32<P32)+AND(AA32>0,AB32<P32) -> 1 | R32: =MIN(N32,0)-MIN(M32,0) -> 0 | S32: =MIN(N32,0) -> 0 | T32: =1+AND(X32>0,Y32>S32)+AND(AD32>0,AE32>S32) -> 1 | U32: =MAX(L32,0)-MAX(K32,0) -> 0.13239688 | V32: =MAX(K32,0) -> 2.2708372 | W32: =1+AND(O32>0,P32<V32)+AND(AA32>0,AB32<V32) -> 2 | X32: =MIN(L32,0)-MIN(K32,0) -> 0 | Y32: =MIN(L32,0) -> 0 | Z32: =1+AND(R32>0,S32>Y32)+AND(AD32>0,AE32>Y32) -> 1 | AA32: =MAX(J32,0)-MAX(I32,0) -> 0.45480076 | AB32: =MAX(I32,0) -> 2.4032341 | AC32: =1+AND(O32>0,P32<AB32)+AND(U32>0,V32<AB32) -> 3 | AD32: =MIN(J32,0)-MIN(I32,0) -> 0 | AE32: =MIN(J32,0) -> 0 | AF32: =1+AND(R32>0,S32>AE32)+AND(X32>0,Y32>AE32) -> 1 | AG32: =IF(COUNTIF($H$10:$M$10,A32)>0,RIGHT(A32,4)&"m"&MATCH(LEFT(A32,3),{"Jan","Feb","Mar","Apr","May","Jun","Jul","Aug","Sep","Oct","Nov","Dec"},0),"") | AK32: =IF(AND(B32=0,Q32=1),O32,0) -> 2.2708372 | AL32: =IF(AND(B32=0,W32=1),U32,0) -> 0 | AM32: =IF(AND(B32=0,AC32=1),AA32,0) -> 0 | AN32: =IF(AND(B32=1,Q32=1),O32,0) -> 0 | AO32: =IF(AND(B32=1,W32=1),U32,0) -> 0 | AP32: =IF(AND(B32=1,AC32=1),AA32,0) -> 0 | AQ32: =IF(AND(B32=0,Q32=2),O32,0) -> 0 | AR32: =IF(AND(B32=0,W32=2),U32,0) -> 0.13239688 | AS32: =IF(AND(B32=0,AC32=2),AA32,0) -> 0 | AT32: =IF(AND(B32=1,Q32=2),O32,0) -> 0 | AU32: =IF(AND(B32=1,W32=2),U32,0) -> 0 | AV32: =IF(AND(B32=1,AC32=2),AA32,0) -> 0 | AW32: =IF(AND(B32=0,Q32=3),O32,0) -> 0 | AX32: =IF(AND(B32=0,W32=3),U32,0) -> 0 | AY32: =IF(AND(B32=0,AC32=3),AA32,0) -> 0.45480076 | AZ32: =IF(AND(B32=1,Q32=3),O32,0) -> 0 | BA32: =IF(AND(B32=1,W32=3),U32,0) -> 0 | BB32: =IF(AND(B32=1,AC32=3),AA32,0) -> 0 | BC32: =IF(AND(B32=0,T32=1),-R32,0) -> 0 | BD32: =IF(AND(B32=0,Z32=1),-X32,0) -> 0 | BE32: =IF(AND(B32=0,AF32=1),-AD32,0) -> 0 | BF32: =IF(AND(B32=1,T32=1),-R32,0) -> 0 | BG32: =IF(AND(B32=1,Z32=1),-X32,0) -> 0 | BH32: =IF(AND(B32=1,AF32=1),-AD32,0) -> 0 | BI32: =IF(AND(B32=0,T32=2),-R32,0) -> 0 | BJ32: =IF(AND(B32=0,Z32=2),-X32,0) -> 0 | BK32: =IF(AND(B32=0,AF32=2),-AD32,0) -> 0 | BL32: =IF(AND(B32=1,T32=2),-R32,0) -> 0 | BM32: =IF(AND(B32=1,Z32=2),-X32,0) -> 0 | BN32: =IF(AND(B32=1,AF32=2),-AD32,0) -> 0 | BO32: =IF(AND(B32=0,T32=3),-R32,0) -> 0 | BP32: =IF(AND(B32=0,Z32=3),-X32,0) -> 0 | BQ32: =IF(AND(B32=0,AF32=3),-AD32,0) -> 0 | BR32: =IF(AND(B32=1,T32=3),-R32,0) -> 0 | BS32: =IF(AND(B32=1,Z32=3),-X32,0) -> 0 | BT32: =IF(AND(B32=1,AF32=3),-AD32,0) -> 0
A33: ='Chart 2a price level'!A18 -> Dec 2025 | B33: ='Chart 2a price level'!F18 -> 0 | C33: ='Chart 2a price level'!B18 -> 2.1991964 | D33: ='Chart 2a price level'!C18 -> 0.15512645 | E33: ='Chart 2a price level'!D18 -> 0.52359246 | F33: =C33 -> 2.1991964 | G33: =F33+D33 -> 2.3543229 | H33: =G33+E33 -> 2.8779153 | I33: =MIN(G33,H33) -> 2.3543229 | J33: =MAX(G33,H33) -> 2.8779153 | K33: =IF(I33<=MIN(F33,G33),MIN(MAX(MIN(F33,G33),J33),MAX(F33,G33)),MIN(F33,G33)) -> 2.1991964 | L33: =IF(I33<=MIN(F33,G33),MAX(F33,G33),MAX(MIN(MAX(F33,G33),I33),MIN(F33,G33))) -> 2.3543229 | M33: =IF(MIN(F33,G33,H33)<=MIN(0,F33),MIN(MAX(MIN(0,F33),MAX(F33,G33,H33)),MAX(0,F33)),MIN(0,F33)) -> 0 | N33: =IF(MIN(F33,G33,H33)<=MIN(0,F33),MAX(0,F33),MAX(MIN(MAX(0,F33),MIN(F33,G33,H33)),MIN(0,F33))) -> 2.1991964 | O33: =MAX(N33,0)-MAX(M33,0) -> 2.1991964 | P33: =MAX(M33,0) -> 0 | Q33: =1+AND(U33>0,V33<P33)+AND(AA33>0,AB33<P33) -> 1 | R33: =MIN(N33,0)-MIN(M33,0) -> 0 | S33: =MIN(N33,0) -> 0 | T33: =1+AND(X33>0,Y33>S33)+AND(AD33>0,AE33>S33) -> 1 | U33: =MAX(L33,0)-MAX(K33,0) -> 0.15512645 | V33: =MAX(K33,0) -> 2.1991964 | W33: =1+AND(O33>0,P33<V33)+AND(AA33>0,AB33<V33) -> 2 | X33: =MIN(L33,0)-MIN(K33,0) -> 0 | Y33: =MIN(L33,0) -> 0 | Z33: =1+AND(R33>0,S33>Y33)+AND(AD33>0,AE33>Y33) -> 1 | AA33: =MAX(J33,0)-MAX(I33,0) -> 0.52359246 | AB33: =MAX(I33,0) -> 2.3543229 | AC33: =1+AND(O33>0,P33<AB33)+AND(U33>0,V33<AB33) -> 3 | AD33: =MIN(J33,0)-MIN(I33,0) -> 0 | AE33: =MIN(J33,0) -> 0 | AF33: =1+AND(R33>0,S33>AE33)+AND(X33>0,Y33>AE33) -> 1 | AG33: =IF(COUNTIF($H$10:$M$10,A33)>0,RIGHT(A33,4)&"m"&MATCH(LEFT(A33,3),{"Jan","Feb","Mar","Apr","May","Jun","Jul","Aug","Sep","Oct","Nov","Dec"},0),"") | AK33: =IF(AND(B33=0,Q33=1),O33,0) -> 2.1991964 | AL33: =IF(AND(B33=0,W33=1),U33,0) -> 0 | AM33: =IF(AND(B33=0,AC33=1),AA33,0) -> 0 | AN33: =IF(AND(B33=1,Q33=1),O33,0) -> 0 | AO33: =IF(AND(B33=1,W33=1),U33,0) -> 0 | AP33: =IF(AND(B33=1,AC33=1),AA33,0) -> 0 | AQ33: =IF(AND(B33=0,Q33=2),O33,0) -> 0 | AR33: =IF(AND(B33=0,W33=2),U33,0) -> 0.15512645 | AS33: =IF(AND(B33=0,AC33=2),AA33,0) -> 0 | AT33: =IF(AND(B33=1,Q33=2),O33,0) -> 0 | AU33: =IF(AND(B33=1,W33=2),U33,0) -> 0 | AV33: =IF(AND(B33=1,AC33=2),AA33,0) -> 0 | AW33: =IF(AND(B33=0,Q33=3),O33,0) -> 0 | AX33: =IF(AND(B33=0,W33=3),U33,0) -> 0 | AY33: =IF(AND(B33=0,AC33=3),AA33,0) -> 0.52359246 | AZ33: =IF(AND(B33=1,Q33=3),O33,0) -> 0 | BA33: =IF(AND(B33=1,W33=3),U33,0) -> 0 | BB33: =IF(AND(B33=1,AC33=3),AA33,0) -> 0 | BC33: =IF(AND(B33=0,T33=1),-R33,0) -> 0 | BD33: =IF(AND(B33=0,Z33=1),-X33,0) -> 0 | BE33: =IF(AND(B33=0,AF33=1),-AD33,0) -> 0 | BF33: =IF(AND(B33=1,T33=1),-R33,0) -> 0 | BG33: =IF(AND(B33=1,Z33=1),-X33,0) -> 0 | BH33: =IF(AND(B33=1,AF33=1),-AD33,0) -> 0 | BI33: =IF(AND(B33=0,T33=2),-R33,0) -> 0 | BJ33: =IF(AND(B33=0,Z33=2),-X33,0) -> 0 | BK33: =IF(AND(B33=0,AF33=2),-AD33,0) -> 0 | BL33: =IF(AND(B33=1,T33=2),-R33,0) -> 0 | BM33: =IF(AND(B33=1,Z33=2),-X33,0) -> 0 | BN33: =IF(AND(B33=1,AF33=2),-AD33,0) -> 0 | BO33: =IF(AND(B33=0,T33=3),-R33,0) -> 0 | BP33: =IF(AND(B33=0,Z33=3),-X33,0) -> 0 | BQ33: =IF(AND(B33=0,AF33=3),-AD33,0) -> 0 | BR33: =IF(AND(B33=1,T33=3),-R33,0) -> 0 | BS33: =IF(AND(B33=1,Z33=3),-X33,0) -> 0 | BT33: =IF(AND(B33=1,AF33=3),-AD33,0) -> 0
... A54: ='Chart 2a price level'!A39 -> Sep 2027 | B54: ='Chart 2a price level'!F39 -> 1 | C54: ='Chart 2a price level'!B39 -> 1.5630142 | D54: ='Chart 2a price level'!C39 -> 0.17026879 | E54: ='Chart 2a price level'!D39 -> 0.69850507 | F54: =C54 -> 1.5630142 | G54: =F54+D54 -> 1.733283 | H54: =G54+E54 -> 2.431788 | I54: =MIN(G54,H54) -> 1.733283 | J54: =MAX(G54,H54) -> 2.431788 | K54: =IF(I54<=MIN(F54,G54),MIN(MAX(MIN(F54,G54),J54),MAX(F54,G54)),MIN(F54,G54)) -> 1.5630142 | L54: =IF(I54<=MIN(F54,G54),MAX(F54,G54),MAX(MIN(MAX(F54,G54),I54),MIN(F54,G54))) -> 1.733283 | M54: =IF(MIN(F54,G54,H54)<=MIN(0,F54),MIN(MAX(MIN(0,F54),MAX(F54,G54,H54)),MAX(0,F54)),MIN(0,F54)) -> 0 | N54: =IF(MIN(F54,G54,H54)<=MIN(0,F54),MAX(0,F54),MAX(MIN(MAX(0,F54),MIN(F54,G54,H54)),MIN(0,F54))) -> 1.5630142 | O54: =MAX(N54,0)-MAX(M54,0) -> 1.5630142 | P54: =MAX(M54,0) -> 0 | Q54: =1+AND(U54>0,V54<P54)+AND(AA54>0,AB54<P54) -> 1 | R54: =MIN(N54,0)-MIN(M54,0) -> 0 | S54: =MIN(N54,0) -> 0 | T54: =1+AND(X54>0,Y54>S54)+AND(AD54>0,AE54>S54) -> 1 | U54: =MAX(L54,0)-MAX(K54,0) -> 0.17026879 | V54: =MAX(K54,0) -> 1.5630142 | W54: =1+AND(O54>0,P54<V54)+AND(AA54>0,AB54<V54) -> 2 | X54: =MIN(L54,0)-MIN(K54,0) -> 0 | Y54: =MIN(L54,0) -> 0 | Z54: =1+AND(R54>0,S54>Y54)+AND(AD54>0,AE54>Y54) -> 1 | AA54: =MAX(J54,0)-MAX(I54,0) -> 0.69850507 | AB54: =MAX(I54,0) -> 1.733283 | AC54: =1+AND(O54>0,P54<AB54)+AND(U54>0,V54<AB54) -> 3 | AD54: =MIN(J54,0)-MIN(I54,0) -> 0 | AE54: =MIN(J54,0) -> 0 | AF54: =1+AND(R54>0,S54>AE54)+AND(X54>0,Y54>AE54) -> 1 | AG54: =IF(COUNTIF($H$10:$M$10,A54)>0,RIGHT(A54,4)&"m"&MATCH(LEFT(A54,3),{"Jan","Feb","Mar","Apr","May","Jun","Jul","Aug","Sep","Oct","Nov","Dec"},0),"") -> 2027m9 | AK54: =IF(AND(B54=0,Q54=1),O54,0) -> 0 | AL54: =IF(AND(B54=0,W54=1),U54,0) -> 0 | AM54: =IF(AND(B54=0,AC54=1),AA54,0) -> 0 | AN54: =IF(AND(B54=1,Q54=1),O54,0) -> 1.5630142 | AO54: =IF(AND(B54=1,W54=1),U54,0) -> 0 | AP54: =IF(AND(B54=1,AC54=1),AA54,0) -> 0 | AQ54: =IF(AND(B54=0,Q54=2),O54,0) -> 0 | AR54: =IF(AND(B54=0,W54=2),U54,0) -> 0 | AS54: =IF(AND(B54=0,AC54=2),AA54,0) -> 0 | AT54: =IF(AND(B54=1,Q54=2),O54,0) -> 0 | AU54: =IF(AND(B54=1,W54=2),U54,0) -> 0.17026879 | AV54: =IF(AND(B54=1,AC54=2),AA54,0) -> 0 | AW54: =IF(AND(B54=0,Q54=3),O54,0) -> 0 | AX54: =IF(AND(B54=0,W54=3),U54,0) -> 0 | AY54: =IF(AND(B54=0,AC54=3),AA54,0) -> 0 | AZ54: =IF(AND(B54=1,Q54=3),O54,0) -> 0 | BA54: =IF(AND(B54=1,W54=3),U54,0) -> 0 | BB54: =IF(AND(B54=1,AC54=3),AA54,0) -> 0.69850507 | BC54: =IF(AND(B54=0,T54=1),-R54,0) -> 0 | BD54: =IF(AND(B54=0,Z54=1),-X54,0) -> 0 | BE54: =IF(AND(B54=0,AF54=1),-AD54,0) -> 0 | BF54: =IF(AND(B54=1,T54=1),-R54,0) -> 0 | BG54: =IF(AND(B54=1,Z54=1),-X54,0) -> 0 | BH54: =IF(AND(B54=1,AF54=1),-AD54,0) -> 0 | BI54: =IF(AND(B54=0,T54=2),-R54,0) -> 0 | BJ54: =IF(AND(B54=0,Z54=2),-X54,0) -> 0 | BK54: =IF(AND(B54=0,AF54=2),-AD54,0) -> 0 | BL54: =IF(AND(B54=1,T54=2),-R54,0) -> 0 | BM54: =IF(AND(B54=1,Z54=2),-X54,0) -> 0 | BN54: =IF(AND(B54=1,AF54=2),-AD54,0) -> 0 | BO54: =IF(AND(B54=0,T54=3),-R54,0) -> 0 | BP54: =IF(AND(B54=0,Z54=3),-X54,0) -> 0 | BQ54: =IF(AND(B54=0,AF54=3),-AD54,0) -> 0 | BR54: =IF(AND(B54=1,T54=3),-R54,0) -> 0 | BS54: =IF(AND(B54=1,Z54=3),-X54,0) -> 0 | BT54: =IF(AND(B54=1,AF54=3),-AD54,0) -> 0

Sheet Chart 2b helper
D2: NEW YORK FED ECONOMIC RESEARCH
D4: https://www.newyorkfed.org/research
A6: Helper series for Chart 2b 12-month change. Cells in blue are settings; everything else is a formula linked to the data sheet.
A7: Each bar splits the total into the three channels. Positive pieces are stacked upward from zero and negative pieces downward from zero, always in the order Direct, Strategic complementarity, Marginal cost, so no piece covers another. Columns O-AF give the length, start and stacking order of each piece, the plotted columns (AK onward) place them, and the black dots (column BU, positioned by column BV) mark the total, which is not the end of the bar when channels have opposite signs.
A9: Last month of actual tariffs (dashed line after it) | H9: Sep 2026
A10: Months labelled on the horizontal axis | H10: Jan 2025 | I10: Jul 2025 | J10: Feb 2026 | K10: Sep 2026 | L10: Mar 2027 | M10: Sep 2027
A11: Vertical axis minimum (must match the chart axis) | H11: -1
A12: Vertical axis maximum (must match the chart axis) | H12: 3.1
A13: Dashed line: position (category number); its length is H7-H6 (cell N8) | H13: =MATCH(H9,$A$22:$A$54,0)+0.5 -> 21.5 | N13: =H12-H11 -> 4.1
A14: Vertical gridlines: position (category number) | H14: =MATCH(H10,$A$22:$A$54,0) -> 1 | I14: =MATCH(I10,$A$22:$A$54,0) -> 7 | J14: =MATCH(J10,$A$22:$A$54,0) -> 14 | K14: =MATCH(K10,$A$22:$A$54,0) -> 21 | L14: =MATCH(L10,$A$22:$A$54,0) -> 27 | M14: =MATCH(M10,$A$22:$A$54,0) -> 33
A15: Vertical gridlines: top of the bar in that month | H15: =SUMIF(INDEX($C$22:$E$54,H14,0),">0") -> 0 | I15: =SUMIF(INDEX($C$22:$E$54,I14,0),">0") -> 1.8621665 | J15: =SUMIF(INDEX($C$22:$E$54,J14,0),">0") -> 2.8882975 | K15: =SUMIF(INDEX($C$22:$E$54,K14,0),">0") -> 0.39818274 | L15: =SUMIF(INDEX($C$22:$E$54,L14,0),">0") -> 0 | M15: =SUMIF(INDEX($C$22:$E$54,M14,0),">0") -> 0.30831417
A16: Vertical gridlines: length drawn above the bar | H16: =$H$12-H15 -> 3.1 | I16: =$H$12-I15 -> 1.2378335 | J16: =$H$12-J15 -> 0.21170247 | K16: =$H$12-K15 -> 2.7018173 | L16: =$H$12-L15 -> 3.1 | M16: =$H$12-M15 -> 2.7916858
A17: Vertical gridlines: bottom of the bar in that month | H17: =SUMIF(INDEX($C$22:$E$54,H14,0),"<0") -> 0 | I17: =SUMIF(INDEX($C$22:$E$54,I14,0),"<0") -> 0 | J17: =SUMIF(INDEX($C$22:$E$54,J14,0),"<0") -> 0 | K17: =SUMIF(INDEX($C$22:$E$54,K14,0),"<0") -> -0.82281965 | L17: =SUMIF(INDEX($C$22:$E$54,L14,0),"<0") -> -0.57588209 | M17: =SUMIF(INDEX($C$22:$E$54,M14,0),"<0") -> -0.019398331
A18: Vertical gridlines: length drawn below the bar | H18: =H17-$H$11 -> 1 | I18: =I17-$H$11 -> 1 | J18: =J17-$H$11 -> 1 | K18: =K17-$H$11 -> 0.17718035 | L18: =L17-$H$11 -> 0.42411791 | M18: =M17-$H$11 -> 0.98060167
A19: Zero line (x from, x to, y from, y to) | H19: 0.5 | I19: =ROWS($A$22:$A$54)+0.5 -> 33.5 | J19: 0 | K19: 0
A21: Month | B21: Forecast | C21: Direct | D21: Strategic complementarity | E21: Marginal cost | O21: D above 0: length | P21: D above 0: start | Q21: D above 0: order | R21: D below 0: length | S21: D below 0: start | T21: D below 0: order | U21: SC above 0: length | V21: SC above 0: start | W21: SC above 0: order | X21: SC below 0: length | Y21: SC below 0: start | Z21: SC below 0: order | AA21: MC above 0: length | AB21: MC above 0: start | AC21: MC above 0: order | AD21: MC below 0: length | AE21: MC below 0: start | AF21: MC below 0: order | AG21: Axis label | AH21: Marginal cost | AI21: Strategic complementarity | AJ21: Direct | AK21: Up 1: Direct | AL21: Up 1: Strategic complementarity | AM21: Up 1: Marginal cost | AN21: Up 1: Direct (forecast) | AO21: Up 1: Strategic complementarity (forecast) | AP21: Up 1: Marginal cost (forecast) | AQ21: Up 2: Direct | AR21: Up 2: Strategic complementarity | AS21: Up 2: Marginal cost | AT21: Up 2: Direct (forecast) | AU21: Up 2: Strategic complementarity (forecast) | AV21: Up 2: Marginal cost (forecast) | AW21: Up 3: Direct | AX21: Up 3: Strategic complementarity | AY21: Up 3: Marginal cost | AZ21: Up 3: Direct (forecast) | BA21: Up 3: Strategic complementarity (forecast) | BB21: Up 3: Marginal cost (forecast) | BC21: Down 1: Direct | BD21: Down 1: Strategic complementarity | BE21: Down 1: Marginal cost | BF21: Down 1: Direct (forecast) | BG21: Down 1: Strategic complementarity (forecast) | BH21: Down 1: Marginal cost (forecast) | BI21: Down 2: Direct | BJ21: Down 2: Strategic complementarity | BK21: Down 2: Marginal cost | BL21: Down 2: Direct (forecast) | BM21: Down 2: Strategic complementarity (forecast) | BN21: Down 2: Marginal cost (forecast) | BO21: Down 3: Direct | BP21: Down 3: Strategic complementarity | BQ21: Down 3: Marginal cost | BR21: Down 3: Direct (forecast) | BS21: Down 3: Strategic complementarity (forecast) | BT21: Down 3: Marginal cost (forecast) | BU21: Total | BV21: Category number (horizontal position of the Total dot)
A22: ='Chart 2b 12-month change'!A7 -> Jan 2025 | B22: ='Chart 2b 12-month change'!F7 -> 0 | C22: ='Chart 2b 12-month change'!B7 -> 0 | D22: ='Chart 2b 12-month change'!C7 -> 0 | E22: ='Chart 2b 12-month change'!D7 -> 0 | O22: =MAX(C22,0) -> 0 | P22: =0*C22 -> 0 | Q22: =1+AND(U22>0,V22<P22)+AND(AA22>0,AB22<P22) -> 1 | R22: =MAX(-C22,0) -> 0 | S22: =0*C22 -> 0 | T22: =1+AND(X22>0,Y22>S22)+AND(AD22>0,AE22>S22) -> 1 | U22: =MAX(D22,0) -> 0 | V22: =MAX(C22,0) -> 0 | W22: =1+AND(O22>0,P22<V22)+AND(AA22>0,AB22<V22) -> 1 | X22: =MAX(-D22,0) -> 0 | Y22: =MIN(C22,0) -> 0 | Z22: =1+AND(R22>0,S22>Y22)+AND(AD22>0,AE22>Y22) -> 1 | AA22: =MAX(E22,0) -> 0 | AB22: =MAX(C22,0)+MAX(D22,0) -> 0 | AC22: =1+AND(O22>0,P22<AB22)+AND(U22>0,V22<AB22) -> 1 | AD22: =MAX(-E22,0) -> 0 | AE22: =MIN(C22,0)+MIN(D22,0) -> 0 | AF22: =1+AND(R22>0,S22>AE22)+AND(X22>0,Y22>AE22) -> 1 | AG22: =IF(COUNTIF($H$10:$M$10,A22)>0,RIGHT(A22,4)&"m"&MATCH(LEFT(A22,3),{"Jan","Feb","Mar","Apr","May","Jun","Jul","Aug","Sep","Oct","Nov","Dec"},0),"") -> 2025m1 | AK22: =IF(AND(B22=0,Q22=1),O22,0) -> 0 | AL22: =IF(AND(B22=0,W22=1),U22,0) -> 0 | AM22: =IF(AND(B22=0,AC22=1),AA22,0) -> 0 | AN22: =IF(AND(B22=1,Q22=1),O22,0) -> 0 | AO22: =IF(AND(B22=1,W22=1),U22,0) -> 0 | AP22: =IF(AND(B22=1,AC22=1),AA22,0) -> 0 | AQ22: =IF(AND(B22=0,Q22=2),O22,0) -> 0 | AR22: =IF(AND(B22=0,W22=2),U22,0) -> 0 | AS22: =IF(AND(B22=0,AC22=2),AA22,0) -> 0 | AT22: =IF(AND(B22=1,Q22=2),O22,0) -> 0 | AU22: =IF(AND(B22=1,W22=2),U22,0) -> 0 | AV22: =IF(AND(B22=1,AC22=2),AA22,0) -> 0 | AW22: =IF(AND(B22=0,Q22=3),O22,0) -> 0 | AX22: =IF(AND(B22=0,W22=3),U22,0) -> 0 | AY22: =IF(AND(B22=0,AC22=3),AA22,0) -> 0 | AZ22: =IF(AND(B22=1,Q22=3),O22,0) -> 0 | BA22: =IF(AND(B22=1,W22=3),U22,0) -> 0 | BB22: =IF(AND(B22=1,AC22=3),AA22,0) -> 0 | BC22: =IF(AND(B22=0,T22=1),-R22,0) -> 0 | BD22: =IF(AND(B22=0,Z22=1),-X22,0) -> 0 | BE22: =IF(AND(B22=0,AF22=1),-AD22,0) -> 0 | BF22: =IF(AND(B22=1,T22=1),-R22,0) -> 0 | BG22: =IF(AND(B22=1,Z22=1),-X22,0) -> 0 | BH22: =IF(AND(B22=1,AF22=1),-AD22,0) -> 0 | BI22: =IF(AND(B22=0,T22=2),-R22,0) -> 0 | BJ22: =IF(AND(B22=0,Z22=2),-X22,0) -> 0 | BK22: =IF(AND(B22=0,AF22=2),-AD22,0) -> 0 | BL22: =IF(AND(B22=1,T22=2),-R22,0) -> 0 | BM22: =IF(AND(B22=1,Z22=2),-X22,0) -> 0 | BN22: =IF(AND(B22=1,AF22=2),-AD22,0) -> 0 | BO22: =IF(AND(B22=0,T22=3),-R22,0) -> 0 | BP22: =IF(AND(B22=0,Z22=3),-X22,0) -> 0 | BQ22: =IF(AND(B22=0,AF22=3),-AD22,0) -> 0 | BR22: =IF(AND(B22=1,T22=3),-R22,0) -> 0 | BS22: =IF(AND(B22=1,Z22=3),-X22,0) -> 0 | BT22: =IF(AND(B22=1,AF22=3),-AD22,0) -> 0 | BU22: =C22+D22+E22 -> 0 | BV22: =ROW()-16 -> 6
A23: ='Chart 2b 12-month change'!A8 -> Feb 2025 | B23: ='Chart 2b 12-month change'!F8 -> 0 | C23: ='Chart 2b 12-month change'!B8 -> 8.2767075e-05 | D23: ='Chart 2b 12-month change'!C8 -> 3.3303501e-06 | E23: ='Chart 2b 12-month change'!D8 -> 4.7551602e-05 | O23: =MAX(C23,0) -> 8.2767075e-05 | P23: =0*C23 -> 0 | Q23: =1+AND(U23>0,V23<P23)+AND(AA23>0,AB23<P23) -> 1 | R23: =MAX(-C23,0) -> 0 | S23: =0*C23 -> 0 | T23: =1+AND(X23>0,Y23>S23)+AND(AD23>0,AE23>S23) -> 1 | U23: =MAX(D23,0) -> 3.3303501e-06 | V23: =MAX(C23,0) -> 8.2767075e-05 | W23: =1+AND(O23>0,P23<V23)+AND(AA23>0,AB23<V23) -> 2 | X23: =MAX(-D23,0) -> 0 | Y23: =MIN(C23,0) -> 0 | Z23: =1+AND(R23>0,S23>Y23)+AND(AD23>0,AE23>Y23) -> 1 | AA23: =MAX(E23,0) -> 4.7551602e-05 | AB23: =MAX(C23,0)+MAX(D23,0) -> 8.6097425e-05 | AC23: =1+AND(O23>0,P23<AB23)+AND(U23>0,V23<AB23) -> 3 | AD23: =MAX(-E23,0) -> 0 | AE23: =MIN(C23,0)+MIN(D23,0) -> 0 | AF23: =1+AND(R23>0,S23>AE23)+AND(X23>0,Y23>AE23) -> 1 | AG23: =IF(COUNTIF($H$10:$M$10,A23)>0,RIGHT(A23,4)&"m"&MATCH(LEFT(A23,3),{"Jan","Feb","Mar","Apr","May","Jun","Jul","Aug","Sep","Oct","Nov","Dec"},0),"") | AK23: =IF(AND(B23=0,Q23=1),O23,0) -> 8.2767075e-05 | AL23: =IF(AND(B23=0,W23=1),U23,0) -> 0 | AM23: =IF(AND(B23=0,AC23=1),AA23,0) -> 0 | AN23: =IF(AND(B23=1,Q23=1),O23,0) -> 0 | AO23: =IF(AND(B23=1,W23=1),U23,0) -> 0 | AP23: =IF(AND(B23=1,AC23=1),AA23,0) -> 0 | AQ23: =IF(AND(B23=0,Q23=2),O23,0) -> 0 | AR23: =IF(AND(B23=0,W23=2),U23,0) -> 3.3303501e-06 | AS23: =IF(AND(B23=0,AC23=2),AA23,0) -> 0 | AT23: =IF(AND(B23=1,Q23=2),O23,0) -> 0 | AU23: =IF(AND(B23=1,W23=2),U23,0) -> 0 | AV23: =IF(AND(B23=1,AC23=2),AA23,0) -> 0 | AW23: =IF(AND(B23=0,Q23=3),O23,0) -> 0 | AX23: =IF(AND(B23=0,W23=3),U23,0) -> 0 | AY23: =IF(AND(B23=0,AC23=3),AA23,0) -> 4.7551602e-05 | AZ23: =IF(AND(B23=1,Q23=3),O23,0) -> 0 | BA23: =IF(AND(B23=1,W23=3),U23,0) -> 0 | BB23: =IF(AND(B23=1,AC23=3),AA23,0) -> 0 | BC23: =IF(AND(B23=0,T23=1),-R23,0) -> 0 | BD23: =IF(AND(B23=0,Z23=1),-X23,0) -> 0 | BE23: =IF(AND(B23=0,AF23=1),-AD23,0) -> 0 | BF23: =IF(AND(B23=1,T23=1),-R23,0) -> 0 | BG23: =IF(AND(B23=1,Z23=1),-X23,0) -> 0 | BH23: =IF(AND(B23=1,AF23=1),-AD23,0) -> 0 | BI23: =IF(AND(B23=0,T23=2),-R23,0) -> 0 | BJ23: =IF(AND(B23=0,Z23=2),-X23,0) -> 0 | BK23: =IF(AND(B23=0,AF23=2),-AD23,0) -> 0 | BL23: =IF(AND(B23=1,T23=2),-R23,0) -> 0 | BM23: =IF(AND(B23=1,Z23=2),-X23,0) -> 0 | BN23: =IF(AND(B23=1,AF23=2),-AD23,0) -> 0 | BO23: =IF(AND(B23=0,T23=3),-R23,0) -> 0 | BP23: =IF(AND(B23=0,Z23=3),-X23,0) -> 0 | BQ23: =IF(AND(B23=0,AF23=3),-AD23,0) -> 0 | BR23: =IF(AND(B23=1,T23=3),-R23,0) -> 0 | BS23: =IF(AND(B23=1,Z23=3),-X23,0) -> 0 | BT23: =IF(AND(B23=1,AF23=3),-AD23,0) -> 0 | BU23: =C23+D23+E23 -> 0.00013364903 | BV23: =ROW()-16 -> 7
A24: ='Chart 2b 12-month change'!A9 -> Mar 2025 | B24: ='Chart 2b 12-month change'!F9 -> 0 | C24: ='Chart 2b 12-month change'!B9 -> 0.083657734 | D24: ='Chart 2b 12-month change'!C9 -> 0.00089762416 | E24: ='Chart 2b 12-month change'!D9 -> 0.0056854834 | O24: =MAX(C24,0) -> 0.083657734 | P24: =0*C24 -> 0 | Q24: =1+AND(U24>0,V24<P24)+AND(AA24>0,AB24<P24) -> 1 | R24: =MAX(-C24,0) -> 0 | S24: =0*C24 -> 0 | T24: =1+AND(X24>0,Y24>S24)+AND(AD24>0,AE24>S24) -> 1 | U24: =MAX(D24,0) -> 0.00089762416 | V24: =MAX(C24,0) -> 0.083657734 | W24: =1+AND(O24>0,P24<V24)+AND(AA24>0,AB24<V24) -> 2 | X24: =MAX(-D24,0) -> 0 | Y24: =MIN(C24,0) -> 0 | Z24: =1+AND(R24>0,S24>Y24)+AND(AD24>0,AE24>Y24) -> 1 | AA24: =MAX(E24,0) -> 0.0056854834 | AB24: =MAX(C24,0)+MAX(D24,0) -> 0.084555358 | AC24: =1+AND(O24>0,P24<AB24)+AND(U24>0,V24<AB24) -> 3 | AD24: =MAX(-E24,0) -> 0 | AE24: =MIN(C24,0)+MIN(D24,0) -> 0 | AF24: =1+AND(R24>0,S24>AE24)+AND(X24>0,Y24>AE24) -> 1 | AG24: =IF(COUNTIF($H$10:$M$10,A24)>0,RIGHT(A24,4)&"m"&MATCH(LEFT(A24,3),{"Jan","Feb","Mar","Apr","May","Jun","Jul","Aug","Sep","Oct","Nov","Dec"},0),"") | AK24: =IF(AND(B24=0,Q24=1),O24,0) -> 0.083657734 | AL24: =IF(AND(B24=0,W24=1),U24,0) -> 0 | AM24: =IF(AND(B24=0,AC24=1),AA24,0) -> 0 | AN24: =IF(AND(B24=1,Q24=1),O24,0) -> 0 | AO24: =IF(AND(B24=1,W24=1),U24,0) -> 0 | AP24: =IF(AND(B24=1,AC24=1),AA24,0) -> 0 | AQ24: =IF(AND(B24=0,Q24=2),O24,0) -> 0 | AR24: =IF(AND(B24=0,W24=2),U24,0) -> 0.00089762416 | AS24: =IF(AND(B24=0,AC24=2),AA24,0) -> 0 | AT24: =IF(AND(B24=1,Q24=2),O24,0) -> 0 | AU24: =IF(AND(B24=1,W24=2),U24,0) -> 0 | AV24: =IF(AND(B24=1,AC24=2),AA24,0) -> 0 | AW24: =IF(AND(B24=0,Q24=3),O24,0) -> 0 | AX24: =IF(AND(B24=0,W24=3),U24,0) -> 0 | AY24: =IF(AND(B24=0,AC24=3),AA24,0) -> 0.0056854834 | AZ24: =IF(AND(B24=1,Q24=3),O24,0) -> 0 | BA24: =IF(AND(B24=1,W24=3),U24,0) -> 0 | BB24: =IF(AND(B24=1,AC24=3),AA24,0) -> 0 | BC24: =IF(AND(B24=0,T24=1),-R24,0) -> 0 | BD24: =IF(AND(B24=0,Z24=1),-X24,0) -> 0 | BE24: =IF(AND(B24=0,AF24=1),-AD24,0) -> 0 | BF24: =IF(AND(B24=1,T24=1),-R24,0) -> 0 | BG24: =IF(AND(B24=1,Z24=1),-X24,0) -> 0 | BH24: =IF(AND(B24=1,AF24=1),-AD24,0) -> 0 | BI24: =IF(AND(B24=0,T24=2),-R24,0) -> 0 | BJ24: =IF(AND(B24=0,Z24=2),-X24,0) -> 0 | BK24: =IF(AND(B24=0,AF24=2),-AD24,0) -> 0 | BL24: =IF(AND(B24=1,T24=2),-R24,0) -> 0 | BM24: =IF(AND(B24=1,Z24=2),-X24,0) -> 0 | BN24: =IF(AND(B24=1,AF24=2),-AD24,0) -> 0 | BO24: =IF(AND(B24=0,T24=3),-R24,0) -> 0 | BP24: =IF(AND(B24=0,Z24=3),-X24,0) -> 0 | BQ24: =IF(AND(B24=0,AF24=3),-AD24,0) -> 0 | BR24: =IF(AND(B24=1,T24=3),-R24,0) -> 0 | BS24: =IF(AND(B24=1,Z24=3),-X24,0) -> 0 | BT24: =IF(AND(B24=1,AF24=3),-AD24,0) -> 0 | BU24: =C24+D24+E24 -> 0.090240841 | BV24: =ROW()-16 -> 8
A25: ='Chart 2b 12-month change'!A10 -> Apr 2025 | B25: ='Chart 2b 12-month change'!F10 -> 0 | C25: ='Chart 2b 12-month change'!B10 -> 0.28374462 | D25: ='Chart 2b 12-month change'!C10 -> 0.00301846 | E25: ='Chart 2b 12-month change'!D10 -> 0.024793075 | O25: =MAX(C25,0) -> 0.28374462 | P25: =0*C25 -> 0 | Q25: =1+AND(U25>0,V25<P25)+AND(AA25>0,AB25<P25) -> 1 | R25: =MAX(-C25,0) -> 0 | S25: =0*C25 -> 0 | T25: =1+AND(X25>0,Y25>S25)+AND(AD25>0,AE25>S25) -> 1 | U25: =MAX(D25,0) -> 0.00301846 | V25: =MAX(C25,0) -> 0.28374462 | W25: =1+AND(O25>0,P25<V25)+AND(AA25>0,AB25<V25) -> 2 | X25: =MAX(-D25,0) -> 0 | Y25: =MIN(C25,0) -> 0 | Z25: =1+AND(R25>0,S25>Y25)+AND(AD25>0,AE25>Y25) -> 1 | AA25: =MAX(E25,0) -> 0.024793075 | AB25: =MAX(C25,0)+MAX(D25,0) -> 0.28676308 | AC25: =1+AND(O25>0,P25<AB25)+AND(U25>0,V25<AB25) -> 3 | AD25: =MAX(-E25,0) -> 0 | AE25: =MIN(C25,0)+MIN(D25,0) -> 0 | AF25: =1+AND(R25>0,S25>AE25)+AND(X25>0,Y25>AE25) -> 1 | AG25: =IF(COUNTIF($H$10:$M$10,A25)>0,RIGHT(A25,4)&"m"&MATCH(LEFT(A25,3),{"Jan","Feb","Mar","Apr","May","Jun","Jul","Aug","Sep","Oct","Nov","Dec"},0),"") | AK25: =IF(AND(B25=0,Q25=1),O25,0) -> 0.28374462 | AL25: =IF(AND(B25=0,W25=1),U25,0) -> 0 | AM25: =IF(AND(B25=0,AC25=1),AA25,0) -> 0 | AN25: =IF(AND(B25=1,Q25=1),O25,0) -> 0 | AO25: =IF(AND(B25=1,W25=1),U25,0) -> 0 | AP25: =IF(AND(B25=1,AC25=1),AA25,0) -> 0 | AQ25: =IF(AND(B25=0,Q25=2),O25,0) -> 0 | AR25: =IF(AND(B25=0,W25=2),U25,0) -> 0.00301846 | AS25: =IF(AND(B25=0,AC25=2),AA25,0) -> 0 | AT25: =IF(AND(B25=1,Q25=2),O25,0) -> 0 | AU25: =IF(AND(B25=1,W25=2),U25,0) -> 0 | AV25: =IF(AND(B25=1,AC25=2),AA25,0) -> 0 | AW25: =IF(AND(B25=0,Q25=3),O25,0) -> 0 | AX25: =IF(AND(B25=0,W25=3),U25,0) -> 0 | AY25: =IF(AND(B25=0,AC25=3),AA25,0) -> 0.024793075 | AZ25: =IF(AND(B25=1,Q25=3),O25,0) -> 0 | BA25: =IF(AND(B25=1,W25=3),U25,0) -> 0 | BB25: =IF(AND(B25=1,AC25=3),AA25,0) -> 0 | BC25: =IF(AND(B25=0,T25=1),-R25,0) -> 0 | BD25: =IF(AND(B25=0,Z25=1),-X25,0) -> 0 | BE25: =IF(AND(B25=0,AF25=1),-AD25,0) -> 0 | BF25: =IF(AND(B25=1,T25=1),-R25,0) -> 0 | BG25: =IF(AND(B25=1,Z25=1),-X25,0) -> 0 | BH25: =IF(AND(B25=1,AF25=1),-AD25,0) -> 0 | BI25: =IF(AND(B25=0,T25=2),-R25,0) -> 0 | BJ25: =IF(AND(B25=0,Z25=2),-X25,0) -> 0 | BK25: =IF(AND(B25=0,AF25=2),-AD25,0) -> 0 | BL25: =IF(AND(B25=1,T25=2),-R25,0) -> 0 | BM25: =IF(AND(B25=1,Z25=2),-X25,0) -> 0 | BN25: =IF(AND(B25=1,AF25=2),-AD25,0) -> 0 | BO25: =IF(AND(B25=0,T25=3),-R25,0) -> 0 | BP25: =IF(AND(B25=0,Z25=3),-X25,0) -> 0 | BQ25: =IF(AND(B25=0,AF25=3),-AD25,0) -> 0 | BR25: =IF(AND(B25=1,T25=3),-R25,0) -> 0 | BS25: =IF(AND(B25=1,Z25=3),-X25,0) -> 0 | BT25: =IF(AND(B25=1,AF25=3),-AD25,0) -> 0 | BU25: =C25+D25+E25 -> 0.31155616 | BV25: =ROW()-16 -> 9
A26: ='Chart 2b 12-month change'!A11 -> May 2025 | B26: ='Chart 2b 12-month change'!F11 -> 0 | C26: ='Chart 2b 12-month change'!B11 -> 0.77882532 | D26: ='Chart 2b 12-month change'!C11 -> 0.011780767 | E26: ='Chart 2b 12-month change'!D11 -> 0.063508816 | O26: =MAX(C26,0) -> 0.77882532 | P26: =0*C26 -> 0 | Q26: =1+AND(U26>0,V26<P26)+AND(AA26>0,AB26<P26) -> 1 | R26: =MAX(-C26,0) -> 0 | S26: =0*C26 -> 0 | T26: =1+AND(X26>0,Y26>S26)+AND(AD26>0,AE26>S26) -> 1 | U26: =MAX(D26,0) -> 0.011780767 | V26: =MAX(C26,0) -> 0.77882532 | W26: =1+AND(O26>0,P26<V26)+AND(AA26>0,AB26<V26) -> 2 | X26: =MAX(-D26,0) -> 0 | Y26: =MIN(C26,0) -> 0 | Z26: =1+AND(R26>0,S26>Y26)+AND(AD26>0,AE26>Y26) -> 1 | AA26: =MAX(E26,0) -> 0.063508816 | AB26: =MAX(C26,0)+MAX(D26,0) -> 0.79060609 | AC26: =1+AND(O26>0,P26<AB26)+AND(U26>0,V26<AB26) -> 3 | AD26: =MAX(-E26,0) -> 0 | AE26: =MIN(C26,0)+MIN(D26,0) -> 0 | AF26: =1+AND(R26>0,S26>AE26)+AND(X26>0,Y26>AE26) -> 1 | AG26: =IF(COUNTIF($H$10:$M$10,A26)>0,RIGHT(A26,4)&"m"&MATCH(LEFT(A26,3),{"Jan","Feb","Mar","Apr","May","Jun","Jul","Aug","Sep","Oct","Nov","Dec"},0),"") | AK26: =IF(AND(B26=0,Q26=1),O26,0) -> 0.77882532 | AL26: =IF(AND(B26=0,W26=1),U26,0) -> 0 | AM26: =IF(AND(B26=0,AC26=1),AA26,0) -> 0 | AN26: =IF(AND(B26=1,Q26=1),O26,0) -> 0 | AO26: =IF(AND(B26=1,W26=1),U26,0) -> 0 | AP26: =IF(AND(B26=1,AC26=1),AA26,0) -> 0 | AQ26: =IF(AND(B26=0,Q26=2),O26,0) -> 0 | AR26: =IF(AND(B26=0,W26=2),U26,0) -> 0.011780767 | AS26: =IF(AND(B26=0,AC26=2),AA26,0) -> 0 | AT26: =IF(AND(B26=1,Q26=2),O26,0) -> 0 | AU26: =IF(AND(B26=1,W26=2),U26,0) -> 0 | AV26: =IF(AND(B26=1,AC26=2),AA26,0) -> 0 | AW26: =IF(AND(B26=0,Q26=3),O26,0) -> 0 | AX26: =IF(AND(B26=0,W26=3),U26,0) -> 0 | AY26: =IF(AND(B26=0,AC26=3),AA26,0) -> 0.063508816 | AZ26: =IF(AND(B26=1,Q26=3),O26,0) -> 0 | BA26: =IF(AND(B26=1,W26=3),U26,0) -> 0 | BB26: =IF(AND(B26=1,AC26=3),AA26,0) -> 0 | BC26: =IF(AND(B26=0,T26=1),-R26,0) -> 0 | BD26: =IF(AND(B26=0,Z26=1),-X26,0) -> 0 | BE26: =IF(AND(B26=0,AF26=1),-AD26,0) -> 0 | BF26: =IF(AND(B26=1,T26=1),-R26,0) -> 0 | BG26: =IF(AND(B26=1,Z26=1),-X26,0) -> 0 | BH26: =IF(AND(B26=1,AF26=1),-AD26,0) -> 0 | BI26: =IF(AND(B26=0,T26=2),-R26,0) -> 0 | BJ26: =IF(AND(B26=0,Z26=2),-X26,0) -> 0 | BK26: =IF(AND(B26=0,AF26=2),-AD26,0) -> 0 | BL26: =IF(AND(B26=1,T26=2),-R26,0) -> 0 | BM26: =IF(AND(B26=1,Z26=2),-X26,0) -> 0 | BN26: =IF(AND(B26=1,AF26=2),-AD26,0) -> 0 | BO26: =IF(AND(B26=0,T26=3),-R26,0) -> 0 | BP26: =IF(AND(B26=0,Z26=3),-X26,0) -> 0 | BQ26: =IF(AND(B26=0,AF26=3),-AD26,0) -> 0 | BR26: =IF(AND(B26=1,T26=3),-R26,0) -> 0 | BS26: =IF(AND(B26=1,Z26=3),-X26,0) -> 0 | BT26: =IF(AND(B26=1,AF26=3),-AD26,0) -> 0 | BU26: =C26+D26+E26 -> 0.85411491 | BV26: =ROW()-16 -> 10
A27: ='Chart 2b 12-month change'!A12 -> Jun 2025 | B27: ='Chart 2b 12-month change'!F12 -> 0 | C27: ='Chart 2b 12-month change'!B12 -> 1.2962445 | D27: ='Chart 2b 12-month change'!C12 -> 0.023733674 | E27: ='Chart 2b 12-month change'!D12 -> 0.11491797 | O27: =MAX(C27,0) -> 1.2962445 | P27: =0*C27 -> 0 | Q27: =1+AND(U27>0,V27<P27)+AND(AA27>0,AB27<P27) -> 1 | R27: =MAX(-C27,0) -> 0 | S27: =0*C27 -> 0 | T27: =1+AND(X27>0,Y27>S27)+AND(AD27>0,AE27>S27) -> 1 | U27: =MAX(D27,0) -> 0.023733674 | V27: =MAX(C27,0) -> 1.2962445 | W27: =1+AND(O27>0,P27<V27)+AND(AA27>0,AB27<V27) -> 2 | X27: =MAX(-D27,0) -> 0 | Y27: =MIN(C27,0) -> 0 | Z27: =1+AND(R27>0,S27>Y27)+AND(AD27>0,AE27>Y27) -> 1 | AA27: =MAX(E27,0) -> 0.11491797 | AB27: =MAX(C27,0)+MAX(D27,0) -> 1.3199782 | AC27: =1+AND(O27>0,P27<AB27)+AND(U27>0,V27<AB27) -> 3 | AD27: =MAX(-E27,0) -> 0 | AE27: =MIN(C27,0)+MIN(D27,0) -> 0 | AF27: =1+AND(R27>0,S27>AE27)+AND(X27>0,Y27>AE27) -> 1 | AG27: =IF(COUNTIF($H$10:$M$10,A27)>0,RIGHT(A27,4)&"m"&MATCH(LEFT(A27,3),{"Jan","Feb","Mar","Apr","May","Jun","Jul","Aug","Sep","Oct","Nov","Dec"},0),"") | AK27: =IF(AND(B27=0,Q27=1),O27,0) -> 1.2962445 | AL27: =IF(AND(B27=0,W27=1),U27,0) -> 0 | AM27: =IF(AND(B27=0,AC27=1),AA27,0) -> 0 | AN27: =IF(AND(B27=1,Q27=1),O27,0) -> 0 | AO27: =IF(AND(B27=1,W27=1),U27,0) -> 0 | AP27: =IF(AND(B27=1,AC27=1),AA27,0) -> 0 | AQ27: =IF(AND(B27=0,Q27=2),O27,0) -> 0 | AR27: =IF(AND(B27=0,W27=2),U27,0) -> 0.023733674 | AS27: =IF(AND(B27=0,AC27=2),AA27,0) -> 0 | AT27: =IF(AND(B27=1,Q27=2),O27,0) -> 0 | AU27: =IF(AND(B27=1,W27=2),U27,0) -> 0 | AV27: =IF(AND(B27=1,AC27=2),AA27,0) -> 0 | AW27: =IF(AND(B27=0,Q27=3),O27,0) -> 0 | AX27: =IF(AND(B27=0,W27=3),U27,0) -> 0 | AY27: =IF(AND(B27=0,AC27=3),AA27,0) -> 0.11491797 | AZ27: =IF(AND(B27=1,Q27=3),O27,0) -> 0 | BA27: =IF(AND(B27=1,W27=3),U27,0) -> 0 | BB27: =IF(AND(B27=1,AC27=3),AA27,0) -> 0 | BC27: =IF(AND(B27=0,T27=1),-R27,0) -> 0 | BD27: =IF(AND(B27=0,Z27=1),-X27,0) -> 0 | BE27: =IF(AND(B27=0,AF27=1),-AD27,0) -> 0 | BF27: =IF(AND(B27=1,T27=1),-R27,0) -> 0 | BG27: =IF(AND(B27=1,Z27=1),-X27,0) -> 0 | BH27: =IF(AND(B27=1,AF27=1),-AD27,0) -> 0 | BI27: =IF(AND(B27=0,T27=2),-R27,0) -> 0 | BJ27: =IF(AND(B27=0,Z27=2),-X27,0) -> 0 | BK27: =IF(AND(B27=0,AF27=2),-AD27,0) -> 0 | BL27: =IF(AND(B27=1,T27=2),-R27,0) -> 0 | BM27: =IF(AND(B27=1,Z27=2),-X27,0) -> 0 | BN27: =IF(AND(B27=1,AF27=2),-AD27,0) -> 0 | BO27: =IF(AND(B27=0,T27=3),-R27,0) -> 0 | BP27: =IF(AND(B27=0,Z27=3),-X27,0) -> 0 | BQ27: =IF(AND(B27=0,AF27=3),-AD27,0) -> 0 | BR27: =IF(AND(B27=1,T27=3),-R27,0) -> 0 | BS27: =IF(AND(B27=1,Z27=3),-X27,0) -> 0 | BT27: =IF(AND(B27=1,AF27=3),-AD27,0) -> 0 | BU27: =C27+D27+E27 -> 1.4348961 | BV27: =ROW()-16 -> 11
A28: ='Chart 2b 12-month change'!A13 -> Jul 2025 | B28: ='Chart 2b 12-month change'!F13 -> 0 | C28: ='Chart 2b 12-month change'!B13 -> 1.6471708 | D28: ='Chart 2b 12-month change'!C13 -> 0.04422819 | E28: ='Chart 2b 12-month change'!D13 -> 0.17076751 | O28: =MAX(C28,0) -> 1.6471708 | P28: =0*C28 -> 0 | Q28: =1+AND(U28>0,V28<P28)+AND(AA28>0,AB28<P28) -> 1 | R28: =MAX(-C28,0) -> 0 | S28: =0*C28 -> 0 | T28: =1+AND(X28>0,Y28>S28)+AND(AD28>0,AE28>S28) -> 1 | U28: =MAX(D28,0) -> 0.04422819 | V28: =MAX(C28,0) -> 1.6471708 | W28: =1+AND(O28>0,P28<V28)+AND(AA28>0,AB28<V28) -> 2 | X28: =MAX(-D28,0) -> 0 | Y28: =MIN(C28,0) -> 0 | Z28: =1+AND(R28>0,S28>Y28)+AND(AD28>0,AE28>Y28) -> 1 | AA28: =MAX(E28,0) -> 0.17076751 | AB28: =MAX(C28,0)+MAX(D28,0) -> 1.691399 | AC28: =1+AND(O28>0,P28<AB28)+AND(U28>0,V28<AB28) -> 3 | AD28: =MAX(-E28,0) -> 0 | AE28: =MIN(C28,0)+MIN(D28,0) -> 0 | AF28: =1+AND(R28>0,S28>AE28)+AND(X28>0,Y28>AE28) -> 1 | AG28: =IF(COUNTIF($H$10:$M$10,A28)>0,RIGHT(A28,4)&"m"&MATCH(LEFT(A28,3),{"Jan","Feb","Mar","Apr","May","Jun","Jul","Aug","Sep","Oct","Nov","Dec"},0),"") -> 2025m7 | AK28: =IF(AND(B28=0,Q28=1),O28,0) -> 1.6471708 | AL28: =IF(AND(B28=0,W28=1),U28,0) -> 0 | AM28: =IF(AND(B28=0,AC28=1),AA28,0) -> 0 | AN28: =IF(AND(B28=1,Q28=1),O28,0) -> 0 | AO28: =IF(AND(B28=1,W28=1),U28,0) -> 0 | AP28: =IF(AND(B28=1,AC28=1),AA28,0) -> 0 | AQ28: =IF(AND(B28=0,Q28=2),O28,0) -> 0 | AR28: =IF(AND(B28=0,W28=2),U28,0) -> 0.04422819 | AS28: =IF(AND(B28=0,AC28=2),AA28,0) -> 0 | AT28: =IF(AND(B28=1,Q28=2),O28,0) -> 0 | AU28: =IF(AND(B28=1,W28=2),U28,0) -> 0 | AV28: =IF(AND(B28=1,AC28=2),AA28,0) -> 0 | AW28: =IF(AND(B28=0,Q28=3),O28,0) -> 0 | AX28: =IF(AND(B28=0,W28=3),U28,0) -> 0 | AY28: =IF(AND(B28=0,AC28=3),AA28,0) -> 0.17076751 | AZ28: =IF(AND(B28=1,Q28=3),O28,0) -> 0 | BA28: =IF(AND(B28=1,W28=3),U28,0) -> 0 | BB28: =IF(AND(B28=1,AC28=3),AA28,0) -> 0 | BC28: =IF(AND(B28=0,T28=1),-R28,0) -> 0 | BD28: =IF(AND(B28=0,Z28=1),-X28,0) -> 0 | BE28: =IF(AND(B28=0,AF28=1),-AD28,0) -> 0 | BF28: =IF(AND(B28=1,T28=1),-R28,0) -> 0 | BG28: =IF(AND(B28=1,Z28=1),-X28,0) -> 0 | BH28: =IF(AND(B28=1,AF28=1),-AD28,0) -> 0 | BI28: =IF(AND(B28=0,T28=2),-R28,0) -> 0 | BJ28: =IF(AND(B28=0,Z28=2),-X28,0) -> 0 | BK28: =IF(AND(B28=0,AF28=2),-AD28,0) -> 0 | BL28: =IF(AND(B28=1,T28=2),-R28,0) -> 0 | BM28: =IF(AND(B28=1,Z28=2),-X28,0) -> 0 | BN28: =IF(AND(B28=1,AF28=2),-AD28,0) -> 0 | BO28: =IF(AND(B28=0,T28=3),-R28,0) -> 0 | BP28: =IF(AND(B28=0,Z28=3),-X28,0) -> 0 | BQ28: =IF(AND(B28=0,AF28=3),-AD28,0) -> 0 | BR28: =IF(AND(B28=1,T28=3),-R28,0) -> 0 | BS28: =IF(AND(B28=1,Z28=3),-X28,0) -> 0 | BT28: =IF(AND(B28=1,AF28=3),-AD28,0) -> 0 | BU28: =C28+D28+E28 -> 1.8621665 | BV28: =ROW()-16 -> 12
A29: ='Chart 2b 12-month change'!A14 -> Aug 2025 | B29: ='Chart 2b 12-month change'!F14 -> 0 | C29: ='Chart 2b 12-month change'!B14 -> 1.9108391 | D29: ='Chart 2b 12-month change'!C14 -> 0.066240021 | E29: ='Chart 2b 12-month change'!D14 -> 0.22878118 | O29: =MAX(C29,0) -> 1.9108391 | P29: =0*C29 -> 0 | Q29: =1+AND(U29>0,V29<P29)+AND(AA29>0,AB29<P29) -> 1 | R29: =MAX(-C29,0) -> 0 | S29: =0*C29 -> 0 | T29: =1+AND(X29>0,Y29>S29)+AND(AD29>0,AE29>S29) -> 1 | U29: =MAX(D29,0) -> 0.066240021 | V29: =MAX(C29,0) -> 1.9108391 | W29: =1+AND(O29>0,P29<V29)+AND(AA29>0,AB29<V29) -> 2 | X29: =MAX(-D29,0) -> 0 | Y29: =MIN(C29,0) -> 0 | Z29: =1+AND(R29>0,S29>Y29)+AND(AD29>0,AE29>Y29) -> 1 | AA29: =MAX(E29,0) -> 0.22878118 | AB29: =MAX(C29,0)+MAX(D29,0) -> 1.9770791 | AC29: =1+AND(O29>0,P29<AB29)+AND(U29>0,V29<AB29) -> 3 | AD29: =MAX(-E29,0) -> 0 | AE29: =MIN(C29,0)+MIN(D29,0) -> 0 | AF29: =1+AND(R29>0,S29>AE29)+AND(X29>0,Y29>AE29) -> 1 | AG29: =IF(COUNTIF($H$10:$M$10,A29)>0,RIGHT(A29,4)&"m"&MATCH(LEFT(A29,3),{"Jan","Feb","Mar","Apr","May","Jun","Jul","Aug","Sep","Oct","Nov","Dec"},0),"") | AK29: =IF(AND(B29=0,Q29=1),O29,0) -> 1.9108391 | AL29: =IF(AND(B29=0,W29=1),U29,0) -> 0 | AM29: =IF(AND(B29=0,AC29=1),AA29,0) -> 0 | AN29: =IF(AND(B29=1,Q29=1),O29,0) -> 0 | AO29: =IF(AND(B29=1,W29=1),U29,0) -> 0 | AP29: =IF(AND(B29=1,AC29=1),AA29,0) -> 0 | AQ29: =IF(AND(B29=0,Q29=2),O29,0) -> 0 | AR29: =IF(AND(B29=0,W29=2),U29,0) -> 0.066240021 | AS29: =IF(AND(B29=0,AC29=2),AA29,0) -> 0 | AT29: =IF(AND(B29=1,Q29=2),O29,0) -> 0 | AU29: =IF(AND(B29=1,W29=2),U29,0) -> 0 | AV29: =IF(AND(B29=1,AC29=2),AA29,0) -> 0 | AW29: =IF(AND(B29=0,Q29=3),O29,0) -> 0 | AX29: =IF(AND(B29=0,W29=3),U29,0) -> 0 | AY29: =IF(AND(B29=0,AC29=3),AA29,0) -> 0.22878118 | AZ29: =IF(AND(B29=1,Q29=3),O29,0) -> 0 | BA29: =IF(AND(B29=1,W29=3),U29,0) -> 0 | BB29: =IF(AND(B29=1,AC29=3),AA29,0) -> 0 | BC29: =IF(AND(B29=0,T29=1),-R29,0) -> 0 | BD29: =IF(AND(B29=0,Z29=1),-X29,0) -> 0 | BE29: =IF(AND(B29=0,AF29=1),-AD29,0) -> 0 | BF29: =IF(AND(B29=1,T29=1),-R29,0) -> 0 | BG29: =IF(AND(B29=1,Z29=1),-X29,0) -> 0 | BH29: =IF(AND(B29=1,AF29=1),-AD29,0) -> 0 | BI29: =IF(AND(B29=0,T29=2),-R29,0) -> 0 | BJ29: =IF(AND(B29=0,Z29=2),-X29,0) -> 0 | BK29: =IF(AND(B29=0,AF29=2),-AD29,0) -> 0 | BL29: =IF(AND(B29=1,T29=2),-R29,0) -> 0 | BM29: =IF(AND(B29=1,Z29=2),-X29,0) -> 0 | BN29: =IF(AND(B29=1,AF29=2),-AD29,0) -> 0 | BO29: =IF(AND(B29=0,T29=3),-R29,0) -> 0 | BP29: =IF(AND(B29=0,Z29=3),-X29,0) -> 0 | BQ29: =IF(AND(B29=0,AF29=3),-AD29,0) -> 0 | BR29: =IF(AND(B29=1,T29=3),-R29,0) -> 0 | BS29: =IF(AND(B29=1,Z29=3),-X29,0) -> 0 | BT29: =IF(AND(B29=1,AF29=3),-AD29,0) -> 0 | BU29: =C29+D29+E29 -> 2.2058603 | BV29: =ROW()-16 -> 13
A30: ='Chart 2b 12-month change'!A15 -> Sep 2025 | B30: ='Chart 2b 12-month change'!F15 -> 0 | C30: ='Chart 2b 12-month change'!B15 -> 2.1526992 | D30: ='Chart 2b 12-month change'!C15 -> 0.0887058 | E30: ='Chart 2b 12-month change'!D15 -> 0.29700693 | O30: =MAX(C30,0) -> 2.1526992 | P30: =0*C30 -> 0 | Q30: =1+AND(U30>0,V30<P30)+AND(AA30>0,AB30<P30) -> 1 | R30: =MAX(-C30,0) -> 0 | S30: =0*C30 -> 0 | T30: =1+AND(X30>0,Y30>S30)+AND(AD30>0,AE30>S30) -> 1 | U30: =MAX(D30,0) -> 0.0887058 | V30: =MAX(C30,0) -> 2.1526992 | W30: =1+AND(O30>0,P30<V30)+AND(AA30>0,AB30<V30) -> 2 | X30: =MAX(-D30,0) -> 0 | Y30: =MIN(C30,0) -> 0 | Z30: =1+AND(R30>0,S30>Y30)+AND(AD30>0,AE30>Y30) -> 1 | AA30: =MAX(E30,0) -> 0.29700693 | AB30: =MAX(C30,0)+MAX(D30,0) -> 2.241405 | AC30: =1+AND(O30>0,P30<AB30)+AND(U30>0,V30<AB30) -> 3 | AD30: =MAX(-E30,0) -> 0 | AE30: =MIN(C30,0)+MIN(D30,0) -> 0 | AF30: =1+AND(R30>0,S30>AE30)+AND(X30>0,Y30>AE30) -> 1 | AG30: =IF(COUNTIF($H$10:$M$10,A30)>0,RIGHT(A30,4)&"m"&MATCH(LEFT(A30,3),{"Jan","Feb","Mar","Apr","May","Jun","Jul","Aug","Sep","Oct","Nov","Dec"},0),"") | AK30: =IF(AND(B30=0,Q30=1),O30,0) -> 2.1526992 | AL30: =IF(AND(B30=0,W30=1),U30,0) -> 0 | AM30: =IF(AND(B30=0,AC30=1),AA30,0) -> 0 | AN30: =IF(AND(B30=1,Q30=1),O30,0) -> 0 | AO30: =IF(AND(B30=1,W30=1),U30,0) -> 0 | AP30: =IF(AND(B30=1,AC30=1),AA30,0) -> 0 | AQ30: =IF(AND(B30=0,Q30=2),O30,0) -> 0 | AR30: =IF(AND(B30=0,W30=2),U30,0) -> 0.0887058 | AS30: =IF(AND(B30=0,AC30=2),AA30,0) -> 0 | AT30: =IF(AND(B30=1,Q30=2),O30,0) -> 0 | AU30: =IF(AND(B30=1,W30=2),U30,0) -> 0 | AV30: =IF(AND(B30=1,AC30=2),AA30,0) -> 0 | AW30: =IF(AND(B30=0,Q30=3),O30,0) -> 0 | AX30: =IF(AND(B30=0,W30=3),U30,0) -> 0 | AY30: =IF(AND(B30=0,AC30=3),AA30,0) -> 0.29700693 | AZ30: =IF(AND(B30=1,Q30=3),O30,0) -> 0 | BA30: =IF(AND(B30=1,W30=3),U30,0) -> 0 | BB30: =IF(AND(B30=1,AC30=3),AA30,0) -> 0 | BC30: =IF(AND(B30=0,T30=1),-R30,0) -> 0 | BD30: =IF(AND(B30=0,Z30=1),-X30,0) -> 0 | BE30: =IF(AND(B30=0,AF30=1),-AD30,0) -> 0 | BF30: =IF(AND(B30=1,T30=1),-R30,0) -> 0 | BG30: =IF(AND(B30=1,Z30=1),-X30,0) -> 0 | BH30: =IF(AND(B30=1,AF30=1),-AD30,0) -> 0 | BI30: =IF(AND(B30=0,T30=2),-R30,0) -> 0 | BJ30: =IF(AND(B30=0,Z30=2),-X30,0) -> 0 | BK30: =IF(AND(B30=0,AF30=2),-AD30,0) -> 0 | BL30: =IF(AND(B30=1,T30=2),-R30,0) -> 0 | BM30: =IF(AND(B30=1,Z30=2),-X30,0) -> 0 | BN30: =IF(AND(B30=1,AF30=2),-AD30,0) -> 0 | BO30: =IF(AND(B30=0,T30=3),-R30,0) -> 0 | BP30: =IF(AND(B30=0,Z30=3),-X30,0) -> 0 | BQ30: =IF(AND(B30=0,AF30=3),-AD30,0) -> 0 | BR30: =IF(AND(B30=1,T30=3),-R30,0) -> 0 | BS30: =IF(AND(B30=1,Z30=3),-X30,0) -> 0 | BT30: =IF(AND(B30=1,AF30=3),-AD30,0) -> 0 | BU30: =C30+D30+E30 -> 2.5384119 | BV30: =ROW()-16 -> 14
A31: ='Chart 2b 12-month change'!A16 -> Oct 2025 | B31: ='Chart 2b 12-month change'!F16 -> 0 | C31: ='Chart 2b 12-month change'!B16 -> 2.2306913 | D31: ='Chart 2b 12-month change'!C16 -> 0.1089098 | E31: ='Chart 2b 12-month change'!D16 -> 0.37213756 | O31: =MAX(C31,0) -> 2.2306913 | P31: =0*C31 -> 0 | Q31: =1+AND(U31>0,V31<P31)+AND(AA31>0,AB31<P31) -> 1 | R31: =MAX(-C31,0) -> 0 | S31: =0*C31 -> 0 | T31: =1+AND(X31>0,Y31>S31)+AND(AD31>0,AE31>S31) -> 1 | U31: =MAX(D31,0) -> 0.1089098 | V31: =MAX(C31,0) -> 2.2306913 | W31: =1+AND(O31>0,P31<V31)+AND(AA31>0,AB31<V31) -> 2 | X31: =MAX(-D31,0) -> 0 | Y31: =MIN(C31,0) -> 0 | Z31: =1+AND(R31>0,S31>Y31)+AND(AD31>0,AE31>Y31) -> 1 | AA31: =MAX(E31,0) -> 0.37213756 | AB31: =MAX(C31,0)+MAX(D31,0) -> 2.3396011 | AC31: =1+AND(O31>0,P31<AB31)+AND(U31>0,V31<AB31) -> 3 | AD31: =MAX(-E31,0) -> 0 | AE31: =MIN(C31,0)+MIN(D31,0) -> 0 | AF31: =1+AND(R31>0,S31>AE31)+AND(X31>0,Y31>AE31) -> 1 | AG31: =IF(COUNTIF($H$10:$M$10,A31)>0,RIGHT(A31,4)&"m"&MATCH(LEFT(A31,3),{"Jan","Feb","Mar","Apr","May","Jun","Jul","Aug","Sep","Oct","Nov","Dec"},0),"") | AK31: =IF(AND(B31=0,Q31=1),O31,0) -> 2.2306913 | AL31: =IF(AND(B31=0,W31=1),U31,0) -> 0 | AM31: =IF(AND(B31=0,AC31=1),AA31,0) -> 0 | AN31: =IF(AND(B31=1,Q31=1),O31,0) -> 0 | AO31: =IF(AND(B31=1,W31=1),U31,0) -> 0 | AP31: =IF(AND(B31=1,AC31=1),AA31,0) -> 0 | AQ31: =IF(AND(B31=0,Q31=2),O31,0) -> 0 | AR31: =IF(AND(B31=0,W31=2),U31,0) -> 0.1089098 | AS31: =IF(AND(B31=0,AC31=2),AA31,0) -> 0 | AT31: =IF(AND(B31=1,Q31=2),O31,0) -> 0 | AU31: =IF(AND(B31=1,W31=2),U31,0) -> 0 | AV31: =IF(AND(B31=1,AC31=2),AA31,0) -> 0 | AW31: =IF(AND(B31=0,Q31=3),O31,0) -> 0 | AX31: =IF(AND(B31=0,W31=3),U31,0) -> 0 | AY31: =IF(AND(B31=0,AC31=3),AA31,0) -> 0.37213756 | AZ31: =IF(AND(B31=1,Q31=3),O31,0) -> 0 | BA31: =IF(AND(B31=1,W31=3),U31,0) -> 0 | BB31: =IF(AND(B31=1,AC31=3),AA31,0) -> 0 | BC31: =IF(AND(B31=0,T31=1),-R31,0) -> 0 | BD31: =IF(AND(B31=0,Z31=1),-X31,0) -> 0 | BE31: =IF(AND(B31=0,AF31=1),-AD31,0) -> 0 | BF31: =IF(AND(B31=1,T31=1),-R31,0) -> 0 | BG31: =IF(AND(B31=1,Z31=1),-X31,0) -> 0 | BH31: =IF(AND(B31=1,AF31=1),-AD31,0) -> 0 | BI31: =IF(AND(B31=0,T31=2),-R31,0) -> 0 | BJ31: =IF(AND(B31=0,Z31=2),-X31,0) -> 0 | BK31: =IF(AND(B31=0,AF31=2),-AD31,0) -> 0 | BL31: =IF(AND(B31=1,T31=2),-R31,0) -> 0 | BM31: =IF(AND(B31=1,Z31=2),-X31,0) -> 0 | BN31: =IF(AND(B31=1,AF31=2),-AD31,0) -> 0 | BO31: =IF(AND(B31=0,T31=3),-R31,0) -> 0 | BP31: =IF(AND(B31=0,Z31=3),-X31,0) -> 0 | BQ31: =IF(AND(B31=0,AF31=3),-AD31,0) -> 0 | BR31: =IF(AND(B31=1,T31=3),-R31,0) -> 0 | BS31: =IF(AND(B31=1,Z31=3),-X31,0) -> 0 | BT31: =IF(AND(B31=1,AF31=3),-AD31,0) -> 0 | BU31: =C31+D31+E31 -> 2.7117387 | BV31: =ROW()-16 -> 15
A32: ='Chart 2b 12-month change'!A17 -> Nov 2025 | B32: ='Chart 2b 12-month change'!F17 -> 0 | C32: ='Chart 2b 12-month change'!B17 -> 2.2389919 | D32: ='Chart 2b 12-month change'!C17 -> 0.1305402 | E32: ='Chart 2b 12-month change'!D17 -> 0.44842281 | O32: =MAX(C32,0) -> 2.2389919 | P32: =0*C32 -> 0 | Q32: =1+AND(U32>0,V32<P32)+AND(AA32>0,AB32<P32) -> 1 | R32: =MAX(-C32,0) -> 0 | S32: =0*C32 -> 0 | T32: =1+AND(X32>0,Y32>S32)+AND(AD32>0,AE32>S32) -> 1 | U32: =MAX(D32,0) -> 0.1305402 | V32: =MAX(C32,0) -> 2.2389919 | W32: =1+AND(O32>0,P32<V32)+AND(AA32>0,AB32<V32) -> 2 | X32: =MAX(-D32,0) -> 0 | Y32: =MIN(C32,0) -> 0 | Z32: =1+AND(R32>0,S32>Y32)+AND(AD32>0,AE32>Y32) -> 1 | AA32: =MAX(E32,0) -> 0.44842281 | AB32: =MAX(C32,0)+MAX(D32,0) -> 2.3695321 | AC32: =1+AND(O32>0,P32<AB32)+AND(U32>0,V32<AB32) -> 3 | AD32: =MAX(-E32,0) -> 0 | AE32: =MIN(C32,0)+MIN(D32,0) -> 0 | AF32: =1+AND(R32>0,S32>AE32)+AND(X32>0,Y32>AE32) -> 1 | AG32: =IF(COUNTIF($H$10:$M$10,A32)>0,RIGHT(A32,4)&"m"&MATCH(LEFT(A32,3),{"Jan","Feb","Mar","Apr","May","Jun","Jul","Aug","Sep","Oct","Nov","Dec"},0),"") | AK32: =IF(AND(B32=0,Q32=1),O32,0) -> 2.2389919 | AL32: =IF(AND(B32=0,W32=1),U32,0) -> 0 | AM32: =IF(AND(B32=0,AC32=1),AA32,0) -> 0 | AN32: =IF(AND(B32=1,Q32=1),O32,0) -> 0 | AO32: =IF(AND(B32=1,W32=1),U32,0) -> 0 | AP32: =IF(AND(B32=1,AC32=1),AA32,0) -> 0 | AQ32: =IF(AND(B32=0,Q32=2),O32,0) -> 0 | AR32: =IF(AND(B32=0,W32=2),U32,0) -> 0.1305402 | AS32: =IF(AND(B32=0,AC32=2),AA32,0) -> 0 | AT32: =IF(AND(B32=1,Q32=2),O32,0) -> 0 | AU32: =IF(AND(B32=1,W32=2),U32,0) -> 0 | AV32: =IF(AND(B32=1,AC32=2),AA32,0) -> 0 | AW32: =IF(AND(B32=0,Q32=3),O32,0) -> 0 | AX32: =IF(AND(B32=0,W32=3),U32,0) -> 0 | AY32: =IF(AND(B32=0,AC32=3),AA32,0) -> 0.44842281 | AZ32: =IF(AND(B32=1,Q32=3),O32,0) -> 0 | BA32: =IF(AND(B32=1,W32=3),U32,0) -> 0 | BB32: =IF(AND(B32=1,AC32=3),AA32,0) -> 0 | BC32: =IF(AND(B32=0,T32=1),-R32,0) -> 0 | BD32: =IF(AND(B32=0,Z32=1),-X32,0) -> 0 | BE32: =IF(AND(B32=0,AF32=1),-AD32,0) -> 0 | BF32: =IF(AND(B32=1,T32=1),-R32,0) -> 0 | BG32: =IF(AND(B32=1,Z32=1),-X32,0) -> 0 | BH32: =IF(AND(B32=1,AF32=1),-AD32,0) -> 0 | BI32: =IF(AND(B32=0,T32=2),-R32,0) -> 0 | BJ32: =IF(AND(B32=0,Z32=2),-X32,0) -> 0 | BK32: =IF(AND(B32=0,AF32=2),-AD32,0) -> 0 | BL32: =IF(AND(B32=1,T32=2),-R32,0) -> 0 | BM32: =IF(AND(B32=1,Z32=2),-X32,0) -> 0 | BN32: =IF(AND(B32=1,AF32=2),-AD32,0) -> 0 | BO32: =IF(AND(B32=0,T32=3),-R32,0) -> 0 | BP32: =IF(AND(B32=0,Z32=3),-X32,0) -> 0 | BQ32: =IF(AND(B32=0,AF32=3),-AD32,0) -> 0 | BR32: =IF(AND(B32=1,T32=3),-R32,0) -> 0 | BS32: =IF(AND(B32=1,Z32=3),-X32,0) -> 0 | BT32: =IF(AND(B32=1,AF32=3),-AD32,0) -> 0 | BU32: =C32+D32+E32 -> 2.8179549 | BV32: =ROW()-16 -> 16
A33: ='Chart 2b 12-month change'!A18 -> Dec 2025 | B33: ='Chart 2b 12-month change'!F18 -> 0 | C33: ='Chart 2b 12-month change'!B18 -> 2.1681452 | D33: ='Chart 2b 12-month change'!C18 -> 0.15293617 | E33: ='Chart 2b 12-month change'!D18 -> 0.51619969 | O33: =MAX(C33,0) -> 2.1681452 | P33: =0*C33 -> 0 | Q33: =1+AND(U33>0,V33<P33)+AND(AA33>0,AB33<P33) -> 1 | R33: =MAX(-C33,0) -> 0 | S33: =0*C33 -> 0 | T33: =1+AND(X33>0,Y33>S33)+AND(AD33>0,AE33>S33) -> 1 | U33: =MAX(D33,0) -> 0.15293617 | V33: =MAX(C33,0) -> 2.1681452 | W33: =1+AND(O33>0,P33<V33)+AND(AA33>0,AB33<V33) -> 2 | X33: =MAX(-D33,0) -> 0 | Y33: =MIN(C33,0) -> 0 | Z33: =1+AND(R33>0,S33>Y33)+AND(AD33>0,AE33>Y33) -> 1 | AA33: =MAX(E33,0) -> 0.51619969 | AB33: =MAX(C33,0)+MAX(D33,0) -> 2.3210814 | AC33: =1+AND(O33>0,P33<AB33)+AND(U33>0,V33<AB33) -> 3 | AD33: =MAX(-E33,0) -> 0 | AE33: =MIN(C33,0)+MIN(D33,0) -> 0 | AF33: =1+AND(R33>0,S33>AE33)+AND(X33>0,Y33>AE33) -> 1 | AG33: =IF(COUNTIF($H$10:$M$10,A33)>0,RIGHT(A33,4)&"m"&MATCH(LEFT(A33,3),{"Jan","Feb","Mar","Apr","May","Jun","Jul","Aug","Sep","Oct","Nov","Dec"},0),"") | AK33: =IF(AND(B33=0,Q33=1),O33,0) -> 2.1681452 | AL33: =IF(AND(B33=0,W33=1),U33,0) -> 0 | AM33: =IF(AND(B33=0,AC33=1),AA33,0) -> 0 | AN33: =IF(AND(B33=1,Q33=1),O33,0) -> 0 | AO33: =IF(AND(B33=1,W33=1),U33,0) -> 0 | AP33: =IF(AND(B33=1,AC33=1),AA33,0) -> 0 | AQ33: =IF(AND(B33=0,Q33=2),O33,0) -> 0 | AR33: =IF(AND(B33=0,W33=2),U33,0) -> 0.15293617 | AS33: =IF(AND(B33=0,AC33=2),AA33,0) -> 0 | AT33: =IF(AND(B33=1,Q33=2),O33,0) -> 0 | AU33: =IF(AND(B33=1,W33=2),U33,0) -> 0 | AV33: =IF(AND(B33=1,AC33=2),AA33,0) -> 0 | AW33: =IF(AND(B33=0,Q33=3),O33,0) -> 0 | AX33: =IF(AND(B33=0,W33=3),U33,0) -> 0 | AY33: =IF(AND(B33=0,AC33=3),AA33,0) -> 0.51619969 | AZ33: =IF(AND(B33=1,Q33=3),O33,0) -> 0 | BA33: =IF(AND(B33=1,W33=3),U33,0) -> 0 | BB33: =IF(AND(B33=1,AC33=3),AA33,0) -> 0 | BC33: =IF(AND(B33=0,T33=1),-R33,0) -> 0 | BD33: =IF(AND(B33=0,Z33=1),-X33,0) -> 0 | BE33: =IF(AND(B33=0,AF33=1),-AD33,0) -> 0 | BF33: =IF(AND(B33=1,T33=1),-R33,0) -> 0 | BG33: =IF(AND(B33=1,Z33=1),-X33,0) -> 0 | BH33: =IF(AND(B33=1,AF33=1),-AD33,0) -> 0 | BI33: =IF(AND(B33=0,T33=2),-R33,0) -> 0 | BJ33: =IF(AND(B33=0,Z33=2),-X33,0) -> 0 | BK33: =IF(AND(B33=0,AF33=2),-AD33,0) -> 0 | BL33: =IF(AND(B33=1,T33=2),-R33,0) -> 0 | BM33: =IF(AND(B33=1,Z33=2),-X33,0) -> 0 | BN33: =IF(AND(B33=1,AF33=2),-AD33,0) -> 0 | BO33: =IF(AND(B33=0,T33=3),-R33,0) -> 0 | BP33: =IF(AND(B33=0,Z33=3),-X33,0) -> 0 | BQ33: =IF(AND(B33=0,AF33=3),-AD33,0) -> 0 | BR33: =IF(AND(B33=1,T33=3),-R33,0) -> 0 | BS33: =IF(AND(B33=1,Z33=3),-X33,0) -> 0 | BT33: =IF(AND(B33=1,AF33=3),-AD33,0) -> 0 | BU33: =C33+D33+E33 -> 2.8372811 | BV33: =ROW()-16 -> 17
... A54: ='Chart 2b 12-month change'!A39 -> Sep 2027 | B54: ='Chart 2b 12-month change'!F39 -> 1 | C54: ='Chart 2b 12-month change'!B39 -> 0.21443262 | D54: ='Chart 2b 12-month change'!C39 -> -0.019398331 | E54: ='Chart 2b 12-month change'!D39 -> 0.093881545 | O54: =MAX(C54,0) -> 0.21443262 | P54: =0*C54 -> 0 | Q54: =1+AND(U54>0,V54<P54)+AND(AA54>0,AB54<P54) -> 1 | R54: =MAX(-C54,0) -> 0 | S54: =0*C54 -> 0 | T54: =1+AND(X54>0,Y54>S54)+AND(AD54>0,AE54>S54) -> 1 | U54: =MAX(D54,0) -> 0 | V54: =MAX(C54,0) -> 0.21443262 | W54: =1+AND(O54>0,P54<V54)+AND(AA54>0,AB54<V54) -> 2 | X54: =MAX(-D54,0) -> 0.019398331 | Y54: =MIN(C54,0) -> 0 | Z54: =1+AND(R54>0,S54>Y54)+AND(AD54>0,AE54>Y54) -> 1 | AA54: =MAX(E54,0) -> 0.093881545 | AB54: =MAX(C54,0)+MAX(D54,0) -> 0.21443262 | AC54: =1+AND(O54>0,P54<AB54)+AND(U54>0,V54<AB54) -> 2 | AD54: =MAX(-E54,0) -> 0 | AE54: =MIN(C54,0)+MIN(D54,0) -> -0.019398331 | AF54: =1+AND(R54>0,S54>AE54)+AND(X54>0,Y54>AE54) -> 2 | AG54: =IF(COUNTIF($H$10:$M$10,A54)>0,RIGHT(A54,4)&"m"&MATCH(LEFT(A54,3),{"Jan","Feb","Mar","Apr","May","Jun","Jul","Aug","Sep","Oct","Nov","Dec"},0),"") -> 2027m9 | AK54: =IF(AND(B54=0,Q54=1),O54,0) -> 0 | AL54: =IF(AND(B54=0,W54=1),U54,0) -> 0 | AM54: =IF(AND(B54=0,AC54=1),AA54,0) -> 0 | AN54: =IF(AND(B54=1,Q54=1),O54,0) -> 0.21443262 | AO54: =IF(AND(B54=1,W54=1),U54,0) -> 0 | AP54: =IF(AND(B54=1,AC54=1),AA54,0) -> 0 | AQ54: =IF(AND(B54=0,Q54=2),O54,0) -> 0 | AR54: =IF(AND(B54=0,W54=2),U54,0) -> 0 | AS54: =IF(AND(B54=0,AC54=2),AA54,0) -> 0 | AT54: =IF(AND(B54=1,Q54=2),O54,0) -> 0 | AU54: =IF(AND(B54=1,W54=2),U54,0) -> 0 | AV54: =IF(AND(B54=1,AC54=2),AA54,0) -> 0.093881545 | AW54: =IF(AND(B54=0,Q54=3),O54,0) -> 0 | AX54: =IF(AND(B54=0,W54=3),U54,0) -> 0 | AY54: =IF(AND(B54=0,AC54=3),AA54,0) -> 0 | AZ54: =IF(AND(B54=1,Q54=3),O54,0) -> 0 | BA54: =IF(AND(B54=1,W54=3),U54,0) -> 0 | BB54: =IF(AND(B54=1,AC54=3),AA54,0) -> 0 | BC54: =IF(AND(B54=0,T54=1),-R54,0) -> 0 | BD54: =IF(AND(B54=0,Z54=1),-X54,0) -> 0 | BE54: =IF(AND(B54=0,AF54=1),-AD54,0) -> 0 | BF54: =IF(AND(B54=1,T54=1),-R54,0) -> 0 | BG54: =IF(AND(B54=1,Z54=1),-X54,0) -> -0.019398331 | BH54: =IF(AND(B54=1,AF54=1),-AD54,0) -> 0 | BI54: =IF(AND(B54=0,T54=2),-R54,0) -> 0 | BJ54: =IF(AND(B54=0,Z54=2),-X54,0) -> 0 | BK54: =IF(AND(B54=0,AF54=2),-AD54,0) -> 0 | BL54: =IF(AND(B54=1,T54=2),-R54,0) -> 0 | BM54: =IF(AND(B54=1,Z54=2),-X54,0) -> 0 | BN54: =IF(AND(B54=1,AF54=2),-AD54,0) -> 0 | BO54: =IF(AND(B54=0,T54=3),-R54,0) -> 0 | BP54: =IF(AND(B54=0,Z54=3),-X54,0) -> 0 | BQ54: =IF(AND(B54=0,AF54=3),-AD54,0) -> 0 | BR54: =IF(AND(B54=1,T54=3),-R54,0) -> 0 | BS54: =IF(AND(B54=1,Z54=3),-X54,0) -> 0 | BT54: =IF(AND(B54=1,AF54=3),-AD54,0) -> 0 | BU54: =C54+D54+E54 -> 0.28891583 | BV54: =ROW()-16 -> 38
